 Dungeon Crawl Stone Soup version 0.30-a0-715-gdb4ae3ece1 (webtiles) character file.

Game seed: 3875411820874394823

9834035 Citaku the Axe Maniac (level 27, 153/273 HPs)
             Began as a Minotaur Fighter on Jan 22, 2023.
             Was an Initiate of Gozag.
             Escaped with the Orb
             ... and 15 runes on Jan 23, 2023!
             The game lasted 09:57:58 (172765 turns).

Citaku the Axe Maniac (Minotaur Fighter)          Turns: 172765, Time: 09:57:59

Health: 153/273    AC: 53    Str: 48 (49) XL:     27
Magic:  11/27      EV: 36    Int: 10 (11) God:    Gozag
Gold:   4038       SH: 23    Dex: 31      Spells: 13/43 levels left

rFire   + + +      SeeInvis .    k - +8 mithril axe "Arga" {speed, Will+}
rCold   + + +      Faith    .    o - +2 shield of Resistance {rF++ rC++ Will++}
rNeg    + . .      Spirit   .    E - +12 crystal plate armour "Befeziz" {Rampage Str-5 Int+3}
rPois   +          Reflect  .    (helmet unavailable)
rElec   +          Harm     .    h - scarf {repulsion}
rCorr   +          Rampage  +    c - +4 pair of gloves "Mat Pauc" {Fly Will- Str+3 Slay+3}
Will    +++++                    A - +2 pair of boots of Love and Death {rPois rC++ Int+3 Dex+4} Stlth
                                 X - macabre finger necklace {Finger+ rN+}
HPRegen 0.65/turn                S - ring of Tomorrow {rElec rCorr Str+6 Dex+6}
MPRegen 0.20/turn                a - ring "Raumn" {rPois Str+6 Dex+9}
                                 J - ring of Ykutuid {rF+ Str+6 Dex+4}

@: flying, contaminated, glowing, studying 2 skills, repel missiles
A: horns 3, retaliatory headbutt, clumsy 2, deterioration 2, low MP 2,
strong-willed 1, inhibited regeneration, subdued magic 1, noise suppression
0: Orb of Zot
}: 15/15 runes: decaying, slimy, silver, golden, iron, obsidian, icy, bone,
abyssal, demonic, glowing, magical, fiery, dark, gossamer
a: Renounce Religion, Potion Petition, Call Merchant, Bribe Branch


You escaped.
You worshipped Gozag.
Gozag was most pleased with you.
You visited 18 branches of the dungeon, and saw 88 of its levels.
You visited Pandemonium 3 times, and saw 13 of its levels.
You visited the Abyss 6 times.
You visited 1 bazaar.
You visited 1 ziggurat, and saw 23 of its levels.
You also visited: Ossuary and Gauntlet.

You collected 74594 gold pieces.
You spent 17900 gold pieces at shops.
You paid 52656 gold pieces to Gozag.

Inventory:

Hand Weapons
 k - the +8 mithril axe "Arga" (weapon) {speed, Will+}
   (You took it off a minotaur on level 1 of the Depths)

   Will:      It increases your willpower.
 p - a +1 war axe of distortion
 F - the +4 staff of Dispater
   (You took it off Dispater on level 7 of the Iron City of Dis)

   Wielding it grants the ability to hurl damnation at the cost of health and
   magic, with strength depending on Evocations skill.
Missiles
 v - 4 silver javelins (quivered)
Armour
 c - the +4 pair of gloves "Mat Pauc" (worn) {Fly Will- Str+3 Slay+3}
   (You found it on level 15 of a ziggurat)

   Str:       It affects your strength (+3).
   Slay:      It affects your accuracy & damage with ranged weapons and melee
   (+3).
   Fly:       It grants you flight.
   Will:      It decreases your willpower.
 g - the +2 hat of the Bear Spirit {Spirit, Bear, *Rage Will++}
   (You bought it in a shop on level 1 of the Spider Nest)

   Bear:      Going berserk makes the wearer tougher, and they're slowed less
   afterward.
   *Rage:     It berserks you when you make melee attacks (+20% chance).
   Will:      It greatly increases your willpower.
 h - a scarf of repulsion (worn)
 o - the +2 shield of Resistance (worn) {rF++ rC++ Will++}
   (You acquired it on level 1 of the Elven Halls)

   rF:        It greatly protects you from fire.
   rC:        It greatly protects you from cold.
   Will:      It greatly increases your willpower.
 A - the +2 pair of boots of Love and Death (worn) {rPois rC++ Int+3 Dex+4}
   (You found it on level 16 of a ziggurat)

   Int:       It affects your intelligence (+3).
   Dex:       It affects your dexterity (+4).
   rC:        It greatly protects you from cold.
   rPois:     It protects you from poison.
 E - the +12 crystal plate armour "Befeziz" (worn) {Rampage Str-5 Int+3}
   (You bought it in a shop on level 1 of the Spider Nest)

   Str:       It affects your strength (-5).
   Int:       It affects your intelligence (+3).
   Rampage:   It bestows one free step when moving towards enemies.
Jewellery
 a - the ring "Raumn" (right hand) {rPois Str+6 Dex+9}
   (You bought it in a shop on level 1 of the Spider Nest)

   [ring of strength]

   Str:       It affects your strength (+6).
   Dex:       It affects your dexterity (+9).
   rPois:     It protects you from poison.
 l - a +4 ring of protection
 J - the ring of Ykutuid (on amulet) {rF+ Str+6 Dex+4}
   (You bought it in a shop on level 1 of the Orcish Mines)

   [ring of strength]

   Str:       It affects your strength (+6).
   Dex:       It affects your dexterity (+4).
   rF:        It protects you from fire.
 M - an amulet of reflection
 R - an amulet of magic regeneration
 S - the ring of Tomorrow (left hand) {rElec rCorr Str+6 Dex+6}
   (You bought it in a shop on level 2 of the Vaults)

   [ring of strength]

   Str:       It affects your strength (+6).
   Dex:       It affects your dexterity (+6).
   rElec:     It insulates you from electricity.
   rCorr:     It protects you from acid and corrosion.
 X - the macabre finger necklace (around neck) {Finger+ rN+}
   (You bought it in a shop on level 1 of the Elven Halls)

   [amulet of nothing]

   Finger+:   It enables you to equip an extra ring.
   rN:        It protects you from negative energy.
Wands
 D - a wand of acid (25)
 G - a wand of mindburst (21)
 K - a wand of digging (7)
 T - a wand of roots (46)
Scrolls
 d - 15 scrolls of immolation
 r - 51 scrolls of teleportation
 u - a scroll of blinking
 x - 21 scrolls of fog
 y - a scroll of magic mapping
 z - 13 scrolls of enchant armour
 I - 9 scrolls of enchant weapon
 L - 18 scrolls of fear
 N - 12 scrolls of poison
 P - 5 scrolls of silence
 V - 9 scrolls of noise
Potions
 e - 9 potions of lignification
 f - 6 potions of cancellation
 i - 8 potions of attraction
 n - 13 potions of curing
 q - a potion of ambrosia
 t - 8 potions of invisibility
 w - 7 potions of flight
 C - a potion of brilliance
 H - 5 potions of berserk rage
 O - 11 potions of might
 Q - a potion of resistance
 U - 4 potions of magic
Miscellaneous
 b - a box of beasts
 j - the horn of Geryon
 m - a condenser vane
 s - a phial of floods
 B - a phantom mirror


   Skills:
 O Level 27 Fighting
 O Level 27 Axes
 O Level 27 Ranged Weapons
 O Level 27 Throwing
 O Level 27 Armour
 O Level 27 Dodging
 - Level 4.0 Stealth
 O Level 27 Shields
 - Level 8.7 Spellcasting
 + Level 17.1 Necromancy
 + Level 18.5 Transmutations
 O Level 27 Evocations


You had 13 spell levels left.
You knew the following spells:

 Your Spells              Type           Power      Damage    Failure   Level
a - Necromutation         Tmut/Necr      15%        N/A       87%         8
b - Death's Door          Necr           14%        N/A       100%        9
c - Spider Form           Tmut/Pois      17%        N/A       2%          3
d - Ice Form              Ice/Tmut       17%        N/A       8%          4
e - Statue Form           Tmut/Erth      11%        N/A       80%         6

Your spell library contained the following spells:

 Spells                   Type           Power      Damage    Failure   Level
 Kiss of Death            Conj/Necr      64%        2d10      1%          1
 Necrotise                Necr           100%       1d9       1%          1
 Sting                    Tmut/Pois      68%        1d6       1%          1
 Passwall                 Tmut/Erth      14%        N/A       1%          2
 Vampiric Draining        Necr           29%        2d8       1%          3
 Dispel Undead            Necr           29%        3d13      1%          4
 Agony                    Necr           29%        N/A       1%          5
 Blade Hands              Tmut           15%        N/A       1%          5
 Death Channel            Necr           14%        N/A       4%          6
 Cigotuvi's Dreadful Rot  Necr/Pois/Air  24%        N/A       5%          2
 Petrify                  Tmut/Erth      17%        N/A       8%          4
 Ignite Poison            Fire/Tmut/Pois 12%        N/A       9%          3
 Anguish                  Hex/Necr       8%         N/A       11%         4
 Dragon Form              Tmut           15%        N/A       16%         7
 Alistair's Intoxication  Tmut/Pois      11%        N/A       24%         5
 Irradiate                Conj/Tmut      8%         3d14      24%         5
 Borgnjor's Vile Clutch   Necr/Erth      8%         N/A       32%         5
 Apportation              Tloc           6%         N/A       36%         1
 Foxfire                  Conj/Fire      12%        2x1d4     36%         1
 Freeze                   Ice            12%        1d3       36%         1
 Magic Dart               Conj           12%        1d3       36%         1
 Sandblast                Erth           6%         2d5       36%         1
 Shock                    Conj/Air       12%        1d3       36%         1
 Slow                     Hex            12%        N/A       36%         1
 Summon Small Mammal      Summ           12%        N/A       36%         1
 Blink                    Tloc           6%         N/A       52%         2
 Call Imp                 Summ           3%         N/A       52%         2
 Ensorcelled Hibernation  Hex/Ice        6%         N/A       52%         2
 Lesser Beckoning         Tloc           6%         N/A       52%         2
 Momentum Strike          Conj/Tloc      6%         3d8       52%         2
 Poisonous Vapours        Pois/Air       6%         N/A       52%         2
 Scorch                   Fire           6%         2d5       52%         2
 Searing Ray              Conj           6%         2d4       52%         2
 Call Canine Familiar     Summ           3%         N/A       77%         3
 Confusing Touch          Hex            3%         N/A       77%         3
 Dazzling Flash           Conj/Hex       6%         N/A       77%         3
 Frozen Ramparts          Ice            6%         1d1       77%         3
 Gell's Gravitas          Tloc           3%         N/A       77%         3
 Hailstorm                Conj/Ice       3%         3d3       77%         3
 Inner Flame              Hex/Fire       3%         N/A       77%         3
 Kindle Blastsparks       Fire/Tloc/Air  6%         2d10      77%         3
 Mephitic Cloud           Conj/Pois/Air  3%         N/A       77%         3
 Ozocubu's Armour         Ice            3%         N/A       77%         3
 Portal Projectile        Hex/Tloc       6%         N/A       77%         3
 Stone Arrow              Conj/Erth      6%         3d7       77%         3
 Summon Guardian Golem    Hex/Summ       3%         N/A       77%         3
 Swiftness                Air            3%         N/A       77%         3
 Teleport Other           Tloc           3%         N/A       77%         3
 Tukima's Dance           Hex            3%         N/A       77%         3
 Vhi's Electric Charge    Tloc/Air       6%         N/A       77%         3
 Eringya's Noxious Bog    Tmut/Pois      8%         N/A       80%         6
 Borgnjor's Revivificati  Necr           14%        N/A       93%         8
 Infestation              Necr           14%        N/A       93%         8
 Airstrike                Air            1%         2d(1-17)  99%         4
 Animate Armour           Summ/Erth      6%         N/A       99%         4
 Cause Fear               Hex            1%         N/A       99%         4
 Flame Wave               Conj/Fire      3%         2d5       99%         4
 Fulminant Prism          Conj/Hex       1%         3d5       99%         4
 Iskenderun's Mystic Bla  Conj/Tloc      3%         2d3       99%         4
 Leda's Liquefaction      Hex/Erth       1%         N/A       99%         4
 Manifold Assault         Tloc           3%         N/A       99%         4
 Olgreb's Toxic Radiance  Pois           3%         N/A       99%         4
 Passage of Golubria      Tloc           3%         N/A       99%         4
 Sticky Flame             Conj/Fire      3%         2d3       99%         4
 Summon Ice Beast         Ice/Summ       3%         N/A       99%         4
 Summon Lightning Spire   Summ/Air       3%         N/A       99%         4
 Arcjolt                  Conj/Air       1%         1d11      100%        5
 Fireball                 Conj/Fire      1%         3d3       100%        5
 Freezing Cloud           Conj/Ice/Air   1%         6-21      100%        5
 Lee's Rapid Deconstruct  Erth           1%         3d4*      100%        5
 Lightning Bolt           Conj/Air       1%         1d12      100%        5
 Metabolic Englaciation   Hex/Ice        1%         N/A       100%        5
 Silence                  Hex/Air        1%         N/A       100%        5
 Summon Forest            Summ/Tloc      1%         N/A       100%        5
 Summon Mana Viper        Hex/Summ       3%         N/A       100%        5
 Conjure Ball Lightning   Conj/Air       1%         3x3d6     100%        6
 Dispersal                Tloc           1%         N/A       100%        6
 Iron Shot                Conj/Erth      1%         9d1       100%        6
 Starburst                Conj/Fire      1%         6d3       100%        6
 Summon Cactus Giant      Summ           1%         N/A       100%        6
 Enfeeble                 Hex            1%         N/A       100%        7
 Malign Gateway           Summ/Tloc      1%         N/A       100%        7
 Monstrous Menagerie      Summ           1%         N/A       100%        7
 Orb of Destruction       Conj           1%         9d5       100%        7
 Ozocubu's Refrigeration  Ice            1%         4d7       100%        7
 Spellforged Servitor     Conj/Summ      1%         N/A       100%        7
 Storm Form               Tmut/Air       8%         N/A       100%        7
 Discord                  Hex            1%         N/A       100%        8
 Disjunction              Tloc           1%         N/A       100%        8
 Ignition                 Fire           1%         3d3       100%        8
 Lehudib's Crystal Spear  Conj/Erth      1%         10d2      100%        8
 Maxwell's Capacitive Co  Air            1%         ∞         100%        8
 Summon Horrible Things   Summ           1%         N/A       100%        8
 Chain Lightning          Conj/Air       1%         3d2       100%        9
 Dragon's Call            Summ           1%         N/A       100%        9
 Simulacrum               Ice/Necr       Unusable   N/A       N/A         6

Dungeon Overview and Level Annotations

Branches:
Dungeon (15/15)            Temple (1/1) D:6            Lair (5/5) D:8
  Swamp (4/4) Lair:3       Spider (4/4) Lair:2        Slime (5/5) Lair:4
    Orc (2/2) D:12            Elf (3/3) Orc:2        Vaults (5/5) D:13
  Crypt (3/3) Vaults:2       Tomb (3/3) Crypt:3      Depths (4/4) D:15
   Hell (visited)             Dis (7/7) Hell            Geh (7/7) Hell
    Coc (7/7) Hell            Tar (7/7) Hell            Zot (5/5) Depths:4
Ossuary (visited)         Gauntlet (visited)

Altars:
Ashenzari
Cheibriados
Dithmenos
Elyvilon
Fedhas
Gozag
Hepliaklqana
Kikubaaqudgha
Makhleb
Nemelex Xobeh
Okawaru
Qazlal
Ru
Sif Muna
Trog
Uskayaw
Vehumet
Wu Jian
Xom
Yredelemnul
Zin
The Shining One
Jiyva
Lugonu

Shops:
D:7 :   D:8 !   D:12 [   Orc:1 =   Orc:2 :*([   Elf:1 (=::?   Swamp:3 !
Spider:1 [[([=   Vaults:1 =   Vaults:2 =   Vaults:4 ?*!   Tomb:1 [
Depths:1 [?[*?   Depths:2 ?*?!   Depths:3 [   Depths:4 !(!*

Portals:
Hell: Depths:1 Depths:2 Depths:3 Depths:4
Abyss: Depths:2 Depths:3
Pandemonium: Depths:2 Depths:4
Ziggurat: Tomb:3


Innate Abilities, Weirdness & Mutations

You have a pair of large horns on your head.
You reflexively headbutt those who attack you in melee.
You are very clumsy. (Dex -4)
Your body often deteriorates upon taking damage.
Your magical capacity is very low. (-20% MP)
You are strong-willed. (Will+)
You do not regenerate when monsters are visible.
Your spells are a little easier to cast, but a little less powerful.
You passively dampen the noise of your surroundings.


Message History

Your body is wracked with pain!
You are too injured to fight recklessly!
You are too injured to fight recklessly!
You barely miss the Brimstone Fiend.
The Brimstone Fiend is severely wounded.
You cut the Brimstone Fiend into ribbons!!!
You kill the Brimstone Fiend!
Your life force feels restored.
There is a large open door here.
You now have 4023 gold pieces (gained 13).
You now have 4038 gold pieces (gained 15).
There is an open door here.
Casting: Statue Form (dangerous; 80% risk of failure)
Confirm with . or Enter, or press ? or * to list all spells.
You miscast Statue Form.
You are contaminated with residual magic.
Your body is flooded with distortional energies.
Casting: Statue Form (dangerous; 80% risk of failure)
Confirm with . or Enter, or press ? or * to list all spells.
You miscast Statue Form.
You are caught in an explosion of flying shrapnel.
Casting: Statue Form (dangerous; 80% risk of failure)
Confirm with . or Enter, or press ? or * to list all spells.
You turn into a living statue of rough stone.
The +4 pair of gloves "Mat Pauc" {Fly Will- Str+3 Slay+3} melds into your body.
The +2 pair of boots of Love and Death {rPois rC++ Int+3 Dex+4} melds into your body.
The +12 crystal plate armour "Befeziz" {Rampage Str-5 Int+3} melds into your body.
You float gracefully downwards.
Your body shudders with the violent release of wild energies!
The magical storm engulfs you. You resist.
You feel less energetic.
You start resting.
Your transformation is almost over.
You revert to your normal fleshy form.
The +4 pair of gloves "Mat Pauc" {Fly Will- Str+3 Slay+3} unmelds from your body.
The +2 pair of boots of Love and Death {rPois rC++ Int+3 Dex+4} unmelds from your body.
The +12 crystal plate armour "Befeziz" {Rampage Str-5 Int+3} unmelds from your body.
You fly up into the air.
There is a staircase leading out of the dungeon here.
You have escaped!

#.......###### #....#
#.#. #.......3....#
#....# #.#.
#......#####.# ######
###... ##########...#
#..... ##..### #.....
#..## #..... #.#######
#..... #.##..'.###
#..... ##.##@.#...#
#....) #..#####'$####
#..÷.. #.## #.$.#≈⌠#
#..... #.#♣♣♣#.♣$#≈.#
#.[... #.#♣⌠♣#...#≈.#
#.....
#.#♣.♣##''#..####.....
#.#..........##.......
#.#.########.#.÷######
#...# #...##


There were no monsters in sight!

Vanquished Creatures
  Cerebov (Pan)
  Antaeus (Coc:7)
  the Royal Jelly (Slime:5)
  Asmodeus (Geh:7)
  Ereshkigal (Tar:7)
  2 seraphim the Serpent of Hell (Dis:7)
  Mnoleg (Pan)
  Gloorx Vloq (Pan)
  Lom Lobon (Pan)
  Dispater (Dis:7)
  Khufu (Tomb:1)
  10 dread liches
  8 ancient liches
  6 orbs of fire (Zot:5)
  Mennas (Pan)
  5 juggernauts
  9 pandemonium lords
  43 royal mummies
  Josephina (Depths:2)
  Sojobo (Depths:1)
  4 Killer Klowns
  13 shard shrikes
  A curse toe (Zot:3)
  37 caustic shrikes
  12 golden dragons
  28 profane servitors
  7 pearl dragons
  Geryon (Hell)
  the Enchantress (Depths:1)
  22 bone dragons
  8 doom hounds
  20 Tzitzimimeh
  2 electric golems
  7 iron giants
  31 Brimstone Fiends
  19 hellephants
  2 spectral shard shrikes
  13 Hell Sentinels
  20 Ice Fiends
  13 tentacled monstrosities
  25 tainted leviathans
  Mlioglotl (Swamp:1)
  5 deep elf blademasters
  8 liches
  31 Orb Guardians
  6 quicksilver dragons
  26 acid blobs
  8 titans
  28 searing wretches
  34 ancient champions
  12 tentacled starspawn
  4 deep elf master archers
  Frances (Spider:1)
  An eldritch tentacle (Pan)
  8 death cobs
  The ghost of Zigma the Covert, an adept OpSu of Hepliaklqana (Spider:1)
  13 sphinxes
  7 shadow dragons
  25 Executioners
  Gastronok (Lair:2)
  Kirke (Swamp:3)
  2 fenstrider witches
  10 storm dragons
  6 tengu reavers
  11 revenants
  10 draconian monks
  Roxanne (Spider:2)
  17 rockslimes
  2 draconian knights
  20 azure jellies
  31 daevas
  14 frost giants
  8 demonspawn warmongers
  20 fire giants
  16 emperor scorpions
  5 deep elf sorcerers
  13 narguns
  9 quicksilver elementals
  5 draconian scorchers
  17 vault wardens
  12 spectral caustic shrikes
  3 spectral juggernauts
  70 balrugs
  24 ghost moths
  3 curse skulls
  10 ghouls
  A juggernaut zombie (Crypt:3)
  7 draconian shifters
  17 iron dragons
  14 shard shrike simulacra
  7 draconian stormcallers
  6 deep elf elementalists
  35 cacodemons
  7 orc warlords
  54 angels
  A caustic shrike skeleton (Hell)
  19 quicksilver oozes
  18 ironbound preservers
  38 war gargoyles
  8 demonspawn corrupters (Pan)
  3 broodmothers
  30 reapers
  2 juggernaut skeletons
  3 spriggan defenders (Depths:1)
  Nessos (D:14)
  10 demonspawn blood saints
  52 very ugly things
  20 stone giants
  33 ophanim
  9 demonspawn black suns
  11 green draconians
  9 ironbound thunderhulks
  15 draconian annihilators
  5 vampire knights
  9 black draconians
  31 putrid mouths
  A dire elephant (shapeshifter) (Vaults:5)
  14 purple draconians
  26 lorocyprocas
  4 bunyips
  24 elemental wellsprings
  12 spark wasps
  12 deep elf demonologists
  6 bennus
  13 deep elf annihilators
  5 eleionomae
  The ghost of Dwachs the Thaumaturge, a journeyman DrCj of Sif Muna (Lair:5)
  43 apis
  15 wendigos
  15 dire elephants
  2 minotaurs
  6 white draconians
  11 yellow draconians
  23 iron golems
  A merfolk javelineer (Zig:13)
  9 red draconians
  A spectral quicksilver dragon (Tar:4)
  8 eidola
  8 deep elf death magi
  26 blizzard demons
  27 mummy priests
  20 ettins
  A spectral iron giant (Tar:1)
  22 green deaths
  28 great orbs of eyes
  14 jiangshi
  5 spectral spriggans
  A shambling mangrove (Zig:4)
  7 fire dragons
  7 spriggan zombies
  Fannar (D:11)
  17 entropy weavers
  2 spectral krakens (Tar:7)
  13 yaktaur captains
  40 vault guards
  28 hydras
  7 ice dragons
  7 caustic shrike simulacra
  9 juggernaut simulacra
  8 deep elf high priests
  12 salamander tyrants
  A spectral fenstrider witch (Tar:1)
  6 catoblepae
  3 ogre magi (Vaults:5)
  8 rakshasas
  14 boulder beetles
  2 ghost crabs
  10 ironbound frosthearts
  7 spriggan skeletons
  3 jorogumos
  8 stokers
  10 radroaches
  7 hell beasts
  4 spriggan air magi
  17 centaur warriors
  A death knight (Crypt:1)
  80 death scarabs
  A satyr (Zig:13)
  8 tengu warriors
  6 alligators
  2 fenstrider witch skeletons
  8 two-headed ogres
  10 vampire magi
  9 deep troll shamans
  A spectral stone giant (Tar:2)
  29 dancing weapons
  61 hell hogs
  8 orc high priests
  25 thrashing horrors
  6 death yaks
  10 deep troll earth magi
  6 spriggan berserkers
  A titan zombie (Abyss:2)
  5 spectral dire elephants
  3 shock serpents (Pan)
  3 spectral nagas
  2 naga sharpshooters (Zig:13)
  54 soul eaters
  10 hell knights
  23 deep elf knights
  17 wretched stars
  A spectral bunyip (Tar:2)
  4 sun moths
  11 crystal echidnas
  136 sun demons
  12 shadow wraiths
  A spark wasp zombie (Hell)
  A death drake (Abyss:2)
  12 pharaoh ants
  3 spatial maelstroms
  46 sixfirhies
  3 flayed ghosts
  7 glowing orange brains
  15 skeletal warriors
  2 spectral anacondas (Tar:4)
  21 orb spiders
  2 storm dragon skeletons
  An anaconda zombie (Crypt:3)
  33 cherubim
  15 shadow demons
  A fire crab (Lair:5)
  3 quicksilver dragon simulacra
  10 iron trolls
  A sea snake (shapeshifter) (Vaults:5)
  9 goliath frogs
  2 kraken simulacra (Coc:7)
  12 swamp dragons
  5 spriggan druids
  A bunyip skeleton (Pan)
  12 steelbarb worms
  14 deep elf archers
  21 ironbound convokers
  12 wizards
  8 bog bodies
  9 spriggan simulacra
  14 lindwurms
  13 phantasmal warriors
  A goliath frog zombie (Crypt:1)
  A spectral hydra (Tar:2)
  2 anaconda skeletons
  52 deep trolls
  Pikel (D:5)
  8 orc knights
  3 obsidian statues
  An orange crystal statue (Zig:13)
  22 deep elf zephyrmancers
  50 starcursed masses
  10 necromancers
  25 deep elf pyromancers
  12 shining eyes
  An iron dragon zombie (Hell)
  6 orc sorcerers
  3 will-o-the-wisps
  2 fire giant zombies (Hell)
  8 cyclopes
  18 wolf spiders
  A manticore (shapeshifter) (Vaults:5)
  4 spectral ettins
  5 worldbinders
  66 ugly things
  A manticore (D:11)
  6 fauns (Zig:13)
  A stone giant zombie (Hell)
  A spectral ice dragon (Tar:1)
  2 frost giant zombies
  4 iron dragon skeletons
  33 demonic crawlers
  19 elephants
  A moth of wrath (shapeshifter) (D:14)
  7 ice statues
  A dire elephant zombie (Tomb:2)
  A salamander (Depths:2)
  2 naga zombies
  31 moths of wrath
  6 titan simulacra
  A spectral centaur (Tar:2)
  14 torpor snails
  7 rust devils
  20 vault sentinels
  A water nymph (shapeshifter) (Abyss:2)
  12 spectral swamp worms (Tar:7)
  8 molten gargoyles (Geh:7)
  14 eyes of devastation
  66 smoke demons
  2 apocalypse crabs (Abyss:2)
  19 cane toads
  Psyche (D:11)
  8 black mambas
  7 gargoyles
  A dire elephant skeleton (Pan)
  2 alligator snapping turtle skeletons
  61 orange demons
  3 kobold demonologists
  2 storm dragon simulacra (Zig:9)
  31 hellions
  A sea snake zombie (Crypt:3)
  A white draconian zombie (Crypt:1)
  A komodo dragon (shapeshifter) (Vaults:5)
  A naga skeleton (Pan)
  A tengu conjurer (Depths:2)
  23 tormentors
  9 efreet
  4 unseen horrors
  19 yaktaurs
  8 rime drakes
  5 iron giant simulacra
  4 freezing wraiths
  6 ice devils
  16 komodo dragons
  An iron troll zombie (Crypt:1)
  2 silent spectres
  A yellow draconian skeleton (Crypt:2)
  A harpy zombie (Crypt:1)
  A bunyip simulacrum (Coc:2)
  3 anaconda simulacra
  3 spectral harpies
  11 ancient zymes (Abyss:2)
  3 red devils
  9 trolls
  48 hellwings
  55 guardian mummies
  A troll (shapeshifter) (Depths:4)
  A minotaur skeleton (Crypt:3)
  3 golden dragon simulacra
  6 meliai
  9 tyrant leeches
  7 polar bears
  A meliai (shapeshifter) (Elf:2)
  22 tarantellas
  95 large abominations
  A raiju (shapeshifter) (D:15)
  A wind drake (shapeshifter) (Elf:3)
  A hornet (shapeshifter) (Elf:2)
  3 harpy skeletons
  30 hornets
  2 ettin zombies (Hell)
  17 raiju
  A jumping spider zombie (Crypt:2)
  9 blink frogs
  4 dream sheep
  A stone giant simulacrum (Coc:1)
  133 slime creatures
  2 iron dragon simulacra
  9 dire elephant simulacra
  An ice dragon zombie (Crypt:1)
  3 air elementals
  3 flying skulls (Abyss:2)
  28 spriggans
  29 jumping spiders
  24 culicivoras
  6 wyverns
  9 wraiths
  53 ynoxinuls
  A jumping spider (shapeshifter) (Depths:4)
  6 water elementals
  19 ushabtiu
  Eustachio (D:5)
  A fire elemental (Elf:3)
  7 hogs (Swamp:3)
  3 basilisks
  33 yaks
  28 golden eyes
  2 alligator snapping turtle simulacra
  Grum (D:8)
  20 humans (D:13)
  4 fire bats (Abyss:2)
  46 neqoxecs
  3 steam dragons
  78 redbacks
  7 vampire mosquitoes
  A redback (shapeshifter) (Vaults:5)
  A demonspawn zombie (Crypt:1)
  8 harpy simulacra
  46 chaos spawn
  4 wargs
  10 spatial vortices
  12 swamp worms
  6 acid dragons
  3 hell hounds (Abyss:2)
  25 water moccasins
  A water nymph skeleton (Crypt:3)
  3 hydra simulacra
  2 floating eyes
  8 swamp drakes
  50 orc warriors
  2 sky beasts
  4 black bears
  5 ice beasts
  A tengu (shapeshifter) (Abyss:2)
  2 ettin simulacra (Coc:3)
  19 ogres
  2 swamp dragon zombies
  4 boggarts (Vaults:4)
  17 wolves
  A snapping turtle zombie (Crypt:1)
  8 centaurs
  4 lemures (D:5)
  A phantom (D:4)
  A torpor snail zombie (Crypt:3)
  5 kobold brigands
  8 bullfrogs
  2 earth elementals
  A manticore skeleton (Crypt:3)
  7 necrophages
  A gnoll sergeant (D:8)
  6 scorpions
  A komodo dragon skeleton (Crypt:3)
  3 naga simulacra
  A raiju zombie (Crypt:2)
  8 wights
  48 killer bees
  5 electric eels
  4 howler monkeys
  35 small abominations
  A bullfrog zombie (Crypt:2)
  7 crimson imps
  6 quasits
  16 orc priests
  4 hounds
  4 centaur skeletons
  9 iron imps
  Jessica (D:3)
  2 gnoll boudas
  3 hell rats
  10 iguanas
  33 orc wizards
  A deep dwarf zombie (Crypt:1)
  3 tengu zombies
  66 mummies
  Robin (D:3)
  26 gnolls
  3 river rats (D:8)
  3 adders
  A shadow imp (D:8)
  7 white imps
  4 ufetubi
  A dart slug (D:1)
  88 orcs
  3 spectral bats (Ossuary)
  9 endoplasms
  3 giant cockroaches
  12 gnoll zombies (Ossuary)
  9 goblins
  13 hobgoblins
  3 jackals (D:1)
  7 quokkas
  2 ball pythons
  9 bats
  2 bat simulacra (Ossuary)
  2 frilled lizards
  A goblin simulacrum (Ossuary)
  4 goblin zombies (Ossuary)
  5 hobgoblin zombies
  16 kobolds
  3 kobold simulacra (Ossuary)
  7 kobold zombies (Ossuary)
  5 orc zombies
  24 rats
  3 rat simulacra (Ossuary)
  A river rat skeleton (Crypt:1)
  3 spectral goblins (Ossuary)
  5 spectral kobolds (Ossuary)
  4 spectral rats (Ossuary)
  8 creeping infernos
  60 fire vortices
  3 lurking horrors (Abyss:2)
  2 plants (Lair:5)
  16 starspawn tentacles
  4 tentacles
5586 creatures vanquished.

Vanquished Creatures (collateral kills)
  A dread lich (Dis:3)
  2 royal mummies
  A shard shrike (Coc:6)
  the Lernaean hydra (Swamp:4)
  2 caustic shrikes
  A pandemonium lord (Pan)
  2 bone dragons (Tar:3)
  2 Brimstone Fiends
  A hellephant (Geh:7)
  An electric golem (Zot:5)
  A lich (Abyss:3)
  A Hell Sentinel (Dis:7)
  A tainted leviathan (Tar:7)
  3 ancient champions
  2 searing wretches
  2 Executioners (Zig:22)
  An azure jelly (Coc:7)
  2 war gargoyles
  An angel (Zig:20)
  A quicksilver ooze (Slime:5)
  An ophan (Zig:20)
  An elemental wellspring (Coc:5)
  2 putrid mouths
  A spark wasp (Zig:19)
  A demonspawn black sun (Pan)
  An eidolon (Tar:2)
  A quicksilver dragon skeleton (Tomb:3)
  A salamander tyrant (Geh:5)
  A hydra (Swamp:2)
  A radroach (Spider:1)
  3 caustic shrike simulacra
  A death yak (Lair:3)
  A fenstrider witch skeleton (Pan)
  6 death scarabs (Tomb:3)
  5 hell hogs
  A spectral dire elephant (Tar:2)
  A wretched star (Abyss:2)
  A sixfirhy (Zig:22)
  A spectral anaconda (Tar:3)
  A skeletal warrior (Crypt:3)
  A quicksilver dragon simulacrum (Coc:1)
  A fenstrider witch simulacrum (Coc:1)
  A spectral iron dragon (Tar:2)
  A titan simulacrum (Coc:3)
  A smoke demon (Pan)
  A spectral alligator snapping turtle (Tar:3)
  2 hellions
  A komodo dragon (Lair:5)
  2 anaconda simulacra
  A freezing wraith (Coc:1)
  A hornet (Swamp:4)
  4 tarantellas
  2 dire elephant simulacra
  2 spriggans
  An alligator snapping turtle simulacrum (Coc:3)
  A golden eye (Abyss:2)
  A redback (Spider:1)
  5 harpy simulacra
  An ettin simulacrum (Coc:7)
  2 mummies
  2 ball lightnings (Pan)
  A creeping inferno (Geh:6)
  8 fire vortices
104 creatures vanquished.

Vanquished Creatures (others)
  6 Ice Fiends (Coc:7)
  5 titans
  4 azure jellies (Coc:7)
  A fire giant (Geh:1)
  2 frost giants
  8 narguns
  A ghost moth (Spider:1)
  3 shard shrike simulacra
  A cacodemon (Hell)
  7 elemental wellsprings
  6 wendigos
  A blizzard demon (Gauntlet)
  A green death (Zig:22)
  3 juggernaut simulacra
  A caustic shrike simulacrum (Coc:7)
  A stoker (Hell)
  A soul eater (Zig:22)
  A spriggan (Swamp:1)
  A deep elf knight (Elf:2)
  A quicksilver dragon simulacrum (Coc:3)
  A cherub (Zig:20)
  2 spriggan simulacra (Coc:7)
  An ice statue (Coc:7)
  An orange demon (Hell)
  2 anaconda simulacra
  A tengu conjurer (D:15)
  4 hellwings (Pan)
  A raiju (Abyss:2)
  5 bloated husks
  2 hornets
  A ynoxinul (Pan)
  2 large abominations (Abyss:2)
  An alligator snapping turtle simulacrum (Coc:3)
  6 harpy simulacra
  A hydra simulacrum (Coc:5)
  5 small abominations (Abyss:2)
  2 naga simulacra
  3 hell rats (Hell)
  19 ball lightnings (Pan)
  4 creeping infernos
  6 demonic plants
  5 fire vortices
  16 foxfires
  18 fungi
  73 plants
  15 starspawn tentacles
  12 tentacles
  4 toadstools (D:5)
  6 withered plants
274 creatures vanquished.

Grand Total: 5964 creatures vanquished

Notes
Turn   | Place    | Note
-------+----------+-------------------------------------------
     0 | D:1      | Citaku the Minotaur Fighter began the quest for the Orb.
     0 | D:1      | Reached XP level 1. HP: 19/19 MP: 0/0
   186 | D:1      | Reached XP level 2. HP: 19/27 MP: 1/1
   530 | D:1      | Reached XP level 3. HP: 33/33 MP: 2/2
  1060 | D:2      | Found a faded altar of an unknown god.
  1680 | D:3      | Noticed Robin
  1694 | D:3      | Reached XP level 4. HP: 23/40 MP: 3/3
  1694 | D:3      | Killed Robin
  1764 | D:3      | Found an iron altar of Okawaru.
  1914 | D:3      | Found a glowing golden altar of the Shining One.
  2152 | D:3      | Noticed Jessica
  2155 | D:3      | Killed Jessica
  2170 | D:3      | Reached skill level 5 in Armour
  2170 | D:3      | Reached XP level 5. HP: 28/47 MP: 4/4
  2246 | D:3      | Found a sparkling altar of Nemelex Xobeh.
  2270 | D:3      | Found a hide-covered altar of Uskayaw.
  2473 | D:4      | Reached XP level 6. HP: 42/53 MP: 5/5
  2565 | D:4      | Reached skill level 5 in Axes
  2782 | D:4      | Reached skill level 5 in Shields
  2788 | D:4      | Reached skill level 5 in Fighting
  2941 | D:4      | Reached XP level 7. HP: 37/61 MP: 6/6
  3109 | D:4      | Found a sand-covered staircase.
  3115 | Ossuary  | Entered an ossuary
  3858 | D:4      | Found a snail-covered altar of Cheibriados.
  3948 | D:4      | Found a hazy altar of Hepliaklqana.
  3948 | D:4      | Found a broken altar of Ashenzari.
  3991 | D:5      | Entered Level 5 of the Dungeon
  4004 | D:5      | Noticed Eustachio
  4024 | D:5      | Killed Eustachio
  4025 | D:5      | Reached XP level 8. HP: 63/70 MP: 7/7
  4287 | D:5      | Noticed Pikel
  4296 | D:5      | Killed Pikel
  4384 | D:5      | Reached XP level 9. HP: 62/78 MP: 8/8
  4747 | D:6      | Identified the ring of Xaics {rF+ AC+4 Str+3}
  4853 | D:6      | Found a burning altar of Makhleb.
  5006 | D:6      | Found a staircase to the Ecumenical Temple.
  5066 | Temple   | Entered the Ecumenical Temple
  5092 | Temple   | Became a worshipper of Gozag Ym Sagoz the Greedy
  5692 | D:7      | Found Lusuo's Book Boutique.
  5760 | D:7      | Reached skill level 10 in Armour
  5844 | D:7      | Reached skill level 10 in Axes
  6569 | D:8      | Reached XP level 10. HP: 80/88 MP: 9/9
  6896 | D:8      | Noticed a death yak
  6897 | D:8      | Found a staircase to the Lair.
  6897 | D:8      | Noticed a death yak
  6897 | D:8      | Noticed a death yak
  6907 | D:8      | Killed a death yak
  6915 | D:8      | Killed a death yak
  6924 | D:8      | Killed a death yak
  7262 | D:8      | Found Fouriej's Distillery.
  7268 | D:8      | Bought a potion of berserk rage for 75 gold pieces
  7268 | D:8      | Bought a potion of mutation for 120 gold pieces
  7719 | D:9      | You fall into a shaft and drop 2 floors!
  7766 | D:11     | Noticed Fannar
  7781 | D:11     | HP: 4/136 [Fannar/staff of cold (11)]
  7783 | D:11     | Killed Fannar
  7784 | D:11     | Reached XP level 11. HP: 5/97 MP: 10/10
  8044 | D:10     | Entered Level 10 of the Dungeon
  8354 | D:9      | Noticed a two-headed ogre
  8360 | D:9      | Killed a two-headed ogre
  9766 | D:11     | Noticed a green ugly thing
  9775 | D:11     | Killed a green ugly thing
  9899 | D:11     | Noticed a cyan ugly thing
  9916 | D:11     | Killed a cyan ugly thing
 10023 | D:11     | Noticed Psyche
 10029 | D:11     | Killed Psyche
 10071 | D:11     | Identified the +4 short sword "Muxycest" {holy, +Blink
                  | rElec Will- Int+3}
 10242 | D:11     | Reached skill level 10 in Fighting
 10242 | D:11     | Reached skill level 10 in Shields
 10561 | D:11     | Noticed a three-headed hydra
 10575 | D:11     | Killed a nine-headed hydra
 10936 | D:12     | Reached XP level 12. HP: 95/106 MP: 11/11
 11321 | D:12     | Found Peypero's Armour Shop.
 11321 | D:12     | Found a staircase to the Orcish Mines.
 11364 | D:12     | Identified the amulet "Lurphif" {rC+ rN+ Regen+}
 12703 | Orc:1    | Entered Level 1 of the Orcish Mines
 13130 | Orc:1    | Found Uvauz's Jewellery Shop.
 13159 | Orc:1    | Bought the ring of Ykutuid {rF+ Str+6 Dex+4} for 1051 gold
                  | pieces
 13387 | Orc:2    | Entered Level 2 of the Orcish Mines
 13675 | Orc:2    | Noticed an orc high priest
 13676 | Orc:2    | Reached skill level 15 in Armour
 13678 | Orc:2    | Found Ledupn's Book Shoppe.
 13689 | Orc:2    | Killed an orc high priest
 13991 | Orc:2    | Reached skill level 15 in Axes
 14001 | Orc:2    | Noticed an orc high priest
 14002 | Orc:2    | Noticed an orc warlord
 14102 | Orc:1    | Killed an orc warlord
 14176 | Orc:1    | Killed an orc high priest
 14433 | Orc:2    | Found Kayghin's Antique Weapon Shoppe.
 14437 | Orc:2    | Found Suorr's Antique Armour Emporium.
 14449 | Orc:2    | Bought a jewelled hand axe for 216 gold pieces
 14449 | Orc:2    | Identified the +3 hand axe of Jyoprite {drain, +Blink rPois
                  | Str+2} (You bought it in a shop on level 2 of the Orcish
                  | Mines)
 14457 | Orc:2    | Bought a runed scarf for 288 gold pieces
 14572 | Orc:2    | Reached XP level 13. HP: 104/116 MP: 7/12
 14573 | Orc:2    | Found Beisefupt's General Store.
 14606 | Orc:2    | Bought a scroll of enchant armour for 120 gold pieces
 14713 | Orc:2    | Found a staircase to the Elven Halls.
 15301 | D:8      | Noticed Grum
 15316 | D:8      | Killed Grum
 15820 | D:13     | Identified the +9 flail of Ignis, Teaching {freeze, rF+}
 15826 | D:13     | Found a gate to the Vaults.
 16648 | Orc:2    | Bought a wand of digging (4) for 268 gold pieces
 16648 | Orc:2    | Bought a scroll of fear for 64 gold pieces
 16956 | D:14     | Noticed Nessos
 17206 | D:14     | Found a gate leading to a gauntlet.
 17295 | Gauntlet | Entered a Gauntlet
 17295 | Gauntlet | Found a transporter.
 17295 | Gauntlet | Found a transporter.
 17307 | Gauntlet | Found a transporter.
 17325 | Gauntlet | Found a transporter.
 17325 | Gauntlet | Found a transporter.
 17327 | Gauntlet | Found a transporter.
 17328 | Gauntlet | Found a transporter.
 17339 | Gauntlet | Found a transporter.
 17339 | Gauntlet | Noticed a blizzard demon
 17354 | Gauntlet | Noticed a blizzard demon
 17358 | Gauntlet | Found a transporter.
 17365 | Gauntlet | Found a transporter.
 17382 | Gauntlet | Found a transporter.
 17399 | Gauntlet | Found a transporter.
 17399 | Gauntlet | Found a transporter.
 17411 | Gauntlet | Found a transporter.
 17853 | Gauntlet | Reached XP level 14. HP: 127/127 MP: 13/13
 17895 | Gauntlet | Identified the +1 hat of the Endless Towns {rF+}
 17962 | Gauntlet | Identified the +3 scale mail of Resilience {Stlth+}
 17984 | Gauntlet | Identified the +1 robe of Reidel {rC+}
 17985 | Gauntlet | Got the Quarto of the Windy Sphinx
 17991 | Gauntlet | Identified the +6 short sword "Tigoij Tumo" {antimagic,
                  | rElec rPois Int-2}
 18484 | D:14     | Killed Nessos
 18675 | D:15     | Entered Level 15 of the Dungeon
 18687 | D:15     | Found an ancient bone altar of Kikubaaqudgha.
 19029 | D:15     | Found an ornate altar of the Wu Jian Council.
 19839 | D:15     | Noticed a stone giant
 19847 | D:15     | Killed a stone giant
 19862 | D:15     | Found a staircase to the Depths.
 20031 | Lair:1   | Entered Level 1 of the Lair of Beasts
 21268 | Lair:2   | Found a hole to the Spider Nest.
 21329 | Lair:2   | Noticed Gastronok
 21339 | Lair:2   | Killed Gastronok
 21485 | Lair:2   | Reached XP level 15. HP: 120/137 MP: 14/14
 21603 | Lair:2   | Found the +2 ratskin cloak {*Rats rPois rN+ Str-1 Int-1
                  | Dex+1}
 22400 | Lair:3   | Found a staircase to the Swamp.
 22606 | Lair:4   | Found the +8 whip "Snakebite" {venom, curare, rPois}
 22621 | Lair:4   | Reached skill level 15 in Shields
 22834 | Lair:4   | Found a viscous altar of Jiyva.
 22834 | Lair:4   | Found a staircase to the Slime Pits.
 23354 | Lair:5   | Entered Level 5 of the Lair of Beasts
 23477 | Lair:5   | Found a runed translucent door.
 23660 | Lair:5   | Noticed Dwachs's ghost (journeyman DrCj)
 23681 | Lair:5   | Found a transporter.
 23696 | Lair:5   | Found a transporter.
 23728 | Lair:5   | Killed Dwachs's ghost
 24784 | Spider:1 | Entered Level 1 of the Spider Nest
 24785 | Spider:1 | Identified a scroll of acquirement
 24785 | Spider:1 | Acquired 1001 gold pieces
 24848 | Spider:1 | Reached XP level 16. HP: 116/147 MP: 15/15
 25031 | Spider:1 | Noticed Frances
 25041 | Spider:1 | Killed Frances
 25097 | Spider:1 | Reached skill level 15 in Fighting
 25133 | Spider:1 | Identified the ring of Emam {rC+ rN+ Will+ Stlth+}
 25294 | Spider:1 | Found a large runed translucent door.
 25294 | Spider:1 | Found a large runed translucent door.
 25296 | Spider:1 | Noticed Zigma's ghost (adept OpSu)
 25310 | Spider:1 | Noticed a sphinx
 25320 | Spider:1 | Killed Zigma's ghost
 25551 | Spider:1 | Found a frozen archway.
 25849 | Spider:1 | Bought the ring "Raumn" {rPois Str+6 Dex+9} for 1322 gold
                  | pieces
 25860 | Spider:1 | Bought the +2 hat of the Bear Spirit {Spirit, Bear, *Rage
                  | Will++} for 732 gold pieces
 25860 | Spider:1 | Found the +2 hat of the Bear Spirit {Spirit, Bear, *Rage
                  | Will++}
 25867 | Spider:1 | Bought a +2 pair of gloves of strength for 365 gold pieces
 26090 | Spider:2 | Identified Roxanne's Book of Tephra
 26090 | Spider:2 | Noticed Roxanne
 26832 | Spider:2 | Killed Roxanne
 27493 | Spider:1 | Bought the +12 crystal plate armour "Befeziz" {Rampage
                  | Str-5 Int+3} for 2174 gold pieces
 27544 | Spider:4 | Entered Level 4 of the Spider Nest
 27564 | Spider:4 | Reached XP level 17. HP: 157/157 MP: 16/16
 27774 | Spider:4 | Identified the +2 whip of Destiny {freeze, Str+5}
 28915 | Spider:4 | Found the +3 Mad Mage's Maulers {Infuse+∞ VampMP -Cast}
 29034 | Spider:4 | Got a gossamer rune of Zot
 29417 | Swamp:1  | Entered Level 1 of the Swamp
 29434 | Swamp:1  | Noticed Mlioglotl
 29441 | Swamp:1  | Noticed a profane servitor
 29454 | Swamp:1  | Killed Mlioglotl
 31605 | Swamp:2  | Identified the ring of Zoxauc {rPois rN+ Int+3}
 32158 | Swamp:3  | Got the Almanac of Freezing Generation
 32241 | Swamp:3  | Noticed Kirke
 32276 | Swamp:3  | Killed Kirke
 32277 | Swamp:3  | Reached XP level 18. HP: 168/168 MP: 0/17
 33527 | Swamp:3  | Bought a potion of might for 76 gold pieces
 33527 | Swamp:3  | Bought a potion of might for 76 gold pieces
 33527 | Swamp:3  | Bought a potion of curing for 57 gold pieces
 33527 | Swamp:3  | Bought a potion of curing for 57 gold pieces
 33527 | Swamp:3  | Bought a potion of curing for 57 gold pieces
 33530 | Swamp:4  | Entered Level 4 of the Swamp
 34277 | Swamp:4  | Noticed the 27-headed Lernaean hydra
 34864 | Swamp:4  | Killed the 27-headed Lernaean hydra
 35138 | Swamp:4  | Got a decaying rune of Zot
 35499 | Depths:1 | Entered Level 1 of the Depths
 35499 | Depths:1 | Noticed a lich
 35499 | Depths:1 | Noticed a lich
 35505 | D:15     | Killed a lich
 35688 | Vaults:1 | Entered Level 1 of the Vaults
 36460 | Vaults:1 | Found Muyge's Jewellery Emporium.
 36950 | Vaults:1 | Identified the +0 gold dragon scales of Resonance {Harm Fly
                  | rPois rF+ rC+ Dex-4 Slay+6}
 37358 | Vaults:2 | Acquired 586 gold pieces
 37513 | Vaults:2 | Found Bemudung's Jewellery Shop.
 37603 | Vaults:2 | Got Efynwoh's Vademecum on the Sphinx
 37618 | Vaults:2 | Bought the ring of Tomorrow {rElec rCorr Str+6 Dex+6} for
                  | 1091 gold pieces
 38193 | Vaults:2 | Found a staircase to the Crypt.
 38679 | Vaults:2 | Got the Atlas of Attacks
 38846 | Vaults:2 | Reached XP level 19. HP: 177/177 MP: 3/18
 41045 | Vaults:3 | Found a flickering gateway to a bazaar.
 41068 | Bazaar   | Entered a bazaar
 41068 | Bazaar   | Found Zaedaoh's Armour Boutique.
 41068 | Bazaar   | Found Aminocra's Jewellery Shoppe.
 41068 | Bazaar   | Found Obrel's Armour Shop.
 41068 | Bazaar   | Found Cyut's Antique Armour Shoppe.
 41070 | Bazaar   | Found Offics's Book Shop.
 41070 | Bazaar   | Found Gethrou's Antique Weapon Emporium.
 41107 | Bazaar   | Bought a +0 pair of boots of flying for 126 gold pieces
 43778 | Vaults:4 | Reached XP level 20. HP: 182/189 MP: 6/19
 44149 | Vaults:4 | Found Ujigg's Distillery.
 44153 | Vaults:4 | Bought a potion of curing for 51 gold pieces
 44153 | Vaults:4 | Bought a potion of mutation for 136 gold pieces
 44153 | Vaults:4 | Bought a potion of mutation for 136 gold pieces
 44153 | Vaults:4 | Bought a potion of cancellation for 136 gold pieces
 44153 | Vaults:4 | Bought a potion of curing for 51 gold pieces
 44866 | Crypt:1  | Entered Level 1 of the Crypt
 45484 | Crypt:1  | Noticed a royal mummy
 45495 | Crypt:1  | Killed a royal mummy
 46190 | Crypt:1  | Identified the +3 long sword of Accidental Termination
                  | {freeze, Fly Will++ Str-5 Dex+2}
 46472 | Crypt:1  | Identified the +6 falchion "Jeczoll" {heavy, rCorr}
 46476 | Crypt:1  | Acquired 943 gold pieces
 46546 | Crypt:1  | Noticed a royal mummy
 46562 | Crypt:1  | Killed a royal mummy
 46673 | Crypt:1  | Noticed a royal mummy
 46690 | Crypt:1  | Found the +7 sceptre of Torment {pain, torment}
 46717 | Crypt:1  | Killed a royal mummy
 48740 | Crypt:3  | Entered Level 3 of the Crypt
 48814 | Crypt:3  | Noticed a bone dragon
 48832 | Crypt:3  | Killed a bone dragon
 49086 | Crypt:3  | HP: 1/191 [ancient champion/iron shot (56)]
 49240 | Crypt:3  | Reached XP level 21. HP: 198/198 MP: 3/20
 49644 | Crypt:3  | Found a staircase to the Tomb.
 50050 | Crypt:3  | Noticed a dread lich
 50051 | Crypt:3  | Noticed a dread lich
 50051 | Crypt:3  | Noticed an ancient lich
 50221 | Crypt:3  | Killed a dread lich
 50247 | Crypt:3  | Identified the +8 short sword of Epsik {flame, rCorr Str+8
                  | Dex-2 Stlth-}
 50251 | Crypt:3  | Got the Guidebook on Malevolent Spells
 50256 | Crypt:3  | Killed an ancient lich
 50262 | Crypt:3  | Killed a dread lich
 50391 | Crypt:3  | Identified the +3 hand axe of Kismet {flame, rPois rF- rN++
                  | rCorr}
 50396 | Crypt:3  | Identified the ring of Ugicrid {*Slow rElec rPois rC+ rN+}
 50396 | Crypt:3  | Identified the ring "Ucutueh" {rElec rN+}
 50737 | Slime:1  | Entered Level 1 of the Pits of Slime
 50737 | Slime:1  | You are sucked into a shaft and drop 1 floor!
 51047 | Slime:2  | Gained mutation: Your magical capacity is low. (-10% MP) [a
                  | shining eye]
 53263 | Slime:5  | Entered Level 5 of the Pits of Slime
 53301 | Slime:5  | Reached skill level 27 in Axes
 53450 | Slime:5  | Gained mutation: You sometimes lose your temper in combat.
                  | [a shining eye]
 53457 | Slime:5  | Gained mutation: Your magical capacity is very low. (-20%
                  | MP) [a shining eye]
 53874 | Slime:5  | Found a viscous altar of Jiyva.
 53905 | Slime:5  | Noticed the Royal Jelly
 53924 | Slime:5  | Killed the Royal Jelly
 53925 | Slime:5  | Gained mutation: You are frail. (-10% HP) [a shining eye]
 53928 | Slime:5  | Gained mutation: You occasionally shout uncontrollably at
                  | your foes. [a shining eye]
 54069 | Slime:5  | Identified the +1 plate armour of the Crypt {Contam rF+++
                  | rC++ Stlth+}
 54108 | Slime:5  | Identified the +3 leather armour "Arphutope" {Contam Str+6
                  | Slay+4}
 54110 | Slime:5  | Got a slimy rune of Zot
 54111 | Slime:5  | Identified the +2 dagger of Animal Spirits {speed, rC++
                  | Int+5 Dex-5}
 54134 | Slime:5  | Identified the amulet "Huyraafa" {Faith Will+}
 54163 | Slime:5  | Identified the +7 quarterstaff of Uskayaw {freeze, rElec
                  | rF++ Int-4 Stlth+}
 54169 | Slime:5  | Identified the +1 plate armour "Judo" {Harm Rampage rPois
                  | rC- Stlth+}
 54207 | Slime:5  | Identified the +6 dagger "Tipho" {freeze, Will+ Int+3}
 54214 | Slime:5  | Identified the +4 mace "Zurin" {speed, rF+}
 54632 | Depths:1 | Reached XP level 22. HP: 113/189 MP: 4/16
 54867 | Depths:1 | Noticed Sojobo
 54869 | Depths:1 | Noticed the Enchantress
 54875 | Depths:1 | Killed the Enchantress
 54892 | Depths:1 | Killed Sojobo
 55135 | Depths:1 | Found an iron altar of Okawaru.
 55244 | Depths:1 | Found a hazy altar of Hepliaklqana.
 55245 | Depths:1 | Found a faded altar of an unknown god.
 55362 | Depths:1 | Found a gateway to Hell.
 55376 | Depths:1 | Bought 2 scrolls of fear for 288 gold pieces
 55376 | Depths:1 | Bought a scroll of summoning for 342 gold pieces
 55380 | Depths:1 | Bought a scroll of noise for 11 gold pieces
 55380 | Depths:1 | Bought a scroll of enchant armour for 82 gold pieces
 55380 | Depths:1 | Bought a scroll of magic mapping for 82 gold pieces
 55636 | Depths:2 | Identified the ring "Ciluonea" {Ice Slay+3}
 55636 | Depths:2 | Noticed Josephina
 55655 | Depths:2 | Killed Josephina
 55796 | Depths:2 | Found a corrupted altar of Lugonu.
 55796 | Depths:2 | Found a one-way gate to the infinite horrors of the Abyss.
 56122 | Depths:2 | Found a one-way gate leading to the halls of Pandemonium.
 56681 | Depths:2 | Identified the +1 pearl dragon scales of the Evening {rN+
                  | Int+4}
 56775 | Depths:2 | Reached skill level 27 in Armour
 57697 | Depths:2 | Lost mutation: You occasionally shout uncontrollably at
                  | your foes. [potion of mutation]
 57697 | Depths:2 | Lost mutation: Your magical capacity is very low. (-20% MP)
                  | [potion of mutation]
 57697 | Depths:2 | Lost mutation: You are frail. (-10% HP) [potion of
                  | mutation]
 57697 | Depths:2 | Gained mutation: Your natural rate of healing is unusually
                  | fast. [potion of mutation]
 57698 | Depths:2 | Lost mutation: You sometimes lose your temper in combat.
                  | [potion of mutation]
 57698 | Depths:2 | Lost mutation: Your magical capacity is low. (-10% MP)
                  | [potion of mutation]
 57698 | Depths:2 | Lost mutation: Your natural rate of healing is unusually
                  | fast. [potion of mutation]
 57698 | Depths:2 | Gained mutation: You are partially covered in iridescent
                  | scales. (AC +2) [potion of mutation]
 57698 | Depths:2 | Gained mutation: Your flesh is cold resistant. (rC+)
                  | [potion of mutation]
 57698 | Depths:2 | Gained mutation: Your flesh is heat resistant. (rF+)
                  | [potion of mutation]
 57909 | Elf:1    | Entered Level 1 of the Elven Halls
 58298 | Elf:1    | Found Tuiqet Weti's Antique Weapon Shop.
 59935 | Elf:1    | Found Jeorieng's Book Shoppe.
 59936 | Elf:1    | Found Otuydu's Jewellery Boutique.
 59937 | Elf:1    | Found Leawanud's Book Shoppe.
 59945 | Elf:1    | Bought the macabre finger necklace {Finger+ rN+} for 800
                  | gold pieces
 59945 | Elf:1    | Found the macabre finger necklace {Finger+ rN+}
 59971 | Elf:1    | Found a runed translucent gate.
 59971 | Elf:1    | Found a runed translucent gate.
 59971 | Elf:1    | Found a runed translucent gate.
 59971 | Elf:1    | Found a runed translucent gate.
 59971 | Elf:1    | Found a runed translucent gate.
 59978 | Elf:1    | Found a runed translucent gate.
 61841 | Elf:2    | Identified the +8 scimitar of Beloved Expedience {flame,
                  | rPois}
 61842 | Elf:2    | Paralysed by an air elemental for 1 turns
 62365 | Elf:2    | Found a runed translucent gate.
 62365 | Elf:2    | Found a runed translucent gate.
 62365 | Elf:2    | Found a runed translucent gate.
 63194 | Elf:3    | Entered Level 3 of the Elven Halls
 63365 | Elf:3    | Reached XP level 23. HP: 222/222 MP: 5/22
 63984 | Elf:3    | Identified the +2 ring mail of the Stopping Gods {-Tele
                  | Int+4}
 64062 | Elf:3    | Got the Incunable of Enchanted Blight
 64066 | Elf:3    | Identified the +10 trident of Odoyseik {freeze, *Rage rPois
                  | rC+ Dex+3}
 64072 | Elf:3    | Identified the +3 falchion of Starshine {heavy, rCorr MP+9
                  | Str+6}
 64122 | Elf:3    | Paralysed by an air elemental for 1 turns
 64352 | Elf:3    | Found an ancient bone altar of Kikubaaqudgha.
 64682 | Elf:3    | Identified the ring "Fasiuh" {rElec rC+}
 64697 | Elf:3    | Identified the ring of Foiga {rC+ rCorr}
 64979 | Elf:3    | Identified the +6 hand axe of the Brewing Oracle {heavy,
                  | rF- Int+2 Dex+3 Stlth+}
 66492 | Depths:3 | Found a white marble altar of Elyvilon.
 66653 | Depths:3 | Found Utuysas's Armour Shop.
 67298 | Depths:3 | Identified the +0 chain mail of Love and Death {Regen+}
 67301 | Depths:3 | Identified the +4 longbow of Gaecw {antimagic, *Corrode
                  | Str+2 Int+2}
 67309 | Depths:3 | Identified the +7 battleaxe of Ointment {drain, rElec Str+3
                  | Int+2}
 68230 | Depths:4 | Entered Level 4 of the Depths
 68331 | Depths:4 | Acquired the ring of Daffodils {Dex+10 SInv Stlth-}
 68367 | Depths:4 | Reached skill level 27 in Shields
 68367 | Depths:4 | Reached XP level 24. HP: 235/235 MP: 2/22
 68391 | Depths:4 | Reached skill level 1 in Dodging
 68526 | Depths:4 | Found Ricamaup's General Store.
 68530 | Depths:4 | Found Leochuar's Distillery.
 68530 | Depths:4 | Found Winy's Antique Weapon Boutique.
 68535 | Depths:4 | Bought a scroll of magic mapping for 135 gold pieces
 68535 | Depths:4 | Found Omefaaga's Distillery.
 68538 | Depths:4 | Bought a potion of heal wounds for 95 gold pieces
 68538 | Depths:4 | Bought a potion of invisibility for 152 gold pieces
 68544 | Depths:4 | Bought a potion of invisibility for 184 gold pieces
 68544 | Depths:4 | Bought a potion of cancellation for 184 gold pieces
 68544 | Depths:4 | Bought a potion of heal wounds for 115 gold pieces
 68544 | Depths:4 | Bought 2 potions of cancellation for 368 gold pieces
 68732 | Depths:4 | Found an opulent altar of Gozag.
 68807 | Depths:4 | Found a one-way gateway to a ziggurat.
 69151 | Depths:4 | Identified the +1 halberd "Kipourgh" {venom, *Noise rPois
                  | rC+}
 69185 | Depths:4 | Found a gate to the Realm of Zot.
 70247 | Vaults:4 | Bought 3 scrolls of magic mapping for 315 gold pieces
 70247 | Vaults:4 | Bought a scroll of teleportation for 42 gold pieces
 70247 | Vaults:4 | Bought a scroll of teleportation for 42 gold pieces
 70247 | Vaults:4 | Bought a scroll of teleportation for 42 gold pieces
 70256 | Vaults:5 | Entered Level 5 of the Vaults
 70631 | Vaults:4 | Reached skill level 5 in Dodging
 71641 | Vaults:5 | Identified the +9 halberd "Ogrebane" {flame, rF+ MP+9
                  | Stlth-}
 71995 | Vaults:5 | Got the Spellbook of the Figure
 71998 | Vaults:5 | Identified the +5 ring mail of the Equinox {Int+4}
 73123 | Vaults:5 | Got a silver rune of Zot
 74247 | Vaults:5 | Reached XP level 25. HP: 255/255 MP: 2/22
 76324 | D:6      | Found an ancient bone altar of Kikubaaqudgha.
 76779 | Elf:1    | Bought a scroll of acquirement for 832 gold pieces
 76779 | Elf:1    | Bought a scroll of magic mapping for 120 gold pieces
 76779 | Elf:1    | Bought a scroll of blinking for 120 gold pieces
 76779 | Elf:1    | Bought a scroll of noise for 16 gold pieces
 76779 | Elf:1    | Bought a scroll of acquirement for 832 gold pieces
 76782 | Elf:1    | Acquired 805 gold pieces
 76783 | Elf:1    | Acquired the +2 shield of Resistance {rF++ rC++ Will++}
 76783 | Elf:1    | Found the +2 shield of Resistance {rF++ rC++ Will++}
 77038 | Zot:1    | Entered Level 1 of the Realm of Zot
 77311 | Zot:1    | Reached skill level 10 in Dodging
 77956 | Zot:1    | Reached skill level 27 in Fighting
 81419 | Zot:3    | Reached skill level 15 in Dodging
 82318 | Zot:4    | Noticed a Killer Klown
 82328 | Zot:4    | Killed a Killer Klown
 83577 | Zot:5    | Entered Level 5 of the Realm of Zot
 84189 | Depths:1 | Bought a scroll of enchant weapon for 82 gold pieces
 84271 | Depths:4 | Bought a scroll of enchant weapon for 135 gold pieces
 84271 | Depths:4 | Bought a potion of haste for 180 gold pieces
 84271 | Depths:4 | Bought a potion of haste for 180 gold pieces
 84587 | Zot:5    | Noticed an ancient lich
 84605 | Zot:5    | Killed an ancient lich
 84606 | Zot:5    | Reached XP level 26. HP: 266/266 MP: 0/22
 84682 | Zot:5    | Noticed an orb of fire
 84689 | Zot:5    | Killed an orb of fire
 84705 | Zot:5    | Noticed an orb of fire
 84717 | Zot:5    | Noticed an orb of fire
 84722 | Zot:5    | Killed an orb of fire
 84731 | Zot:5    | Killed an orb of fire
 85208 | Zot:5    | Paralysed by a Zot trap for 5 turns
 85223 | Zot:5    | Noticed an orb of fire
 85233 | Zot:5    | Gained mutation: You occasionally lose the ability to read
                  | scrolls when taking damage. [an orb of fire]
 85233 | Zot:5    | Gained mutation: You are weak. (Str -2) [an orb of fire]
 85262 | Zot:5    | Noticed an orb of fire
 85273 | Zot:5    | Gained mutation: Armour fits poorly on your strangely
                  | shaped body. [an orb of fire]
 85274 | Zot:5    | Lost mutation: You are weak. (Str -2) [an orb of fire]
 85279 | Zot:5    | Gained mutation: Your spells are a little harder to cast,
                  | but a little more powerful. [an orb of fire]
 85280 | Zot:5    | Killed an orb of fire
 85289 | Zot:5    | Noticed an orb of fire
 85295 | Zot:5    | Noticed an orb of fire
 85299 | Zot:5    | Gained mutation: You sometimes lose the ability to read
                  | scrolls when taking damage. [an orb of fire]
 85304 | Zot:5    | Gained mutation: Your body sometimes deteriorates upon
                  | taking damage. [an orb of fire]
 85305 | Zot:5    | Killed an orb of fire
 85310 | Zot:5    | Killed an orb of fire
 85470 | Zot:5    | Identified the +1 ring mail of Weirdness {rPois Str+3}
 85708 | Zot:5    | Lost mutation: You sometimes lose the ability to read
                  | scrolls when taking damage. [potion of mutation]
 85708 | Zot:5    | Lost mutation: You occasionally lose the ability to read
                  | scrolls when taking damage. [potion of mutation]
 85708 | Zot:5    | Lost mutation: Your body sometimes deteriorates upon taking
                  | damage. [potion of mutation]
 85708 | Zot:5    | Gained mutation: Your body sometimes deteriorates upon
                  | taking damage. [potion of mutation]
 85709 | Zot:5    | Lost mutation: Your flesh is heat resistant. (rF+) [potion
                  | of mutation]
 85709 | Zot:5    | Lost mutation: Your flesh is cold resistant. (rC+) [potion
                  | of mutation]
 85709 | Zot:5    | Lost mutation: Your spells are a little harder to cast, but
                  | a little more powerful. [potion of mutation]
 85709 | Zot:5    | Gained mutation: You are somewhat resistant to further
                  | mutation. [potion of mutation]
 85710 | Zot:5    | Lost mutation: Armour fits poorly on your strangely shaped
                  | body. [potion of mutation]
 85710 | Zot:5    | Lost mutation: You are somewhat resistant to further
                  | mutation. [potion of mutation]
 85710 | Zot:5    | Lost mutation: Your body sometimes deteriorates upon taking
                  | damage. [potion of mutation]
 85710 | Zot:5    | Gained mutation: Your flesh is cold resistant. (rC+)
                  | [potion of mutation]
 85710 | Zot:5    | Gained mutation: You are weak. (Str -2) [potion of
                  | mutation]
 85710 | Zot:5    | Gained mutation: You have a pair of large horns on your
                  | head. [potion of mutation]
 85711 | Zot:5    | Lost mutation: You have a pair of large horns on your head.
                  | [potion of mutation]
 85711 | Zot:5    | Lost mutation: Your flesh is cold resistant. (rC+) [potion
                  | of mutation]
 85711 | Zot:5    | Lost mutation: You are partially covered in iridescent
                  | scales. (AC +2) [potion of mutation]
 85711 | Zot:5    | Gained mutation: Your flesh is cold resistant. (rC+)
                  | [potion of mutation]
 85711 | Zot:5    | Gained mutation: You are clumsy. (Dex -2) [potion of
                  | mutation]
 85711 | Zot:5    | Gained mutation: You are robust. (+10% HP) [potion of
                  | mutation]
 85711 | Zot:5    | Gained mutation: You have a pair of large horns on your
                  | head. [potion of mutation]
 85712 | Zot:5    | Lost mutation: You are weak. (Str -2) [potion of mutation]
 85712 | Zot:5    | Lost mutation: You are robust. (+10% HP) [potion of
                  | mutation]
 85712 | Zot:5    | Lost mutation: You are clumsy. (Dex -2) [potion of
                  | mutation]
 85712 | Zot:5    | Gained mutation: Your spells are a little harder to cast,
                  | but a little more powerful. [potion of mutation]
 85712 | Zot:5    | Gained mutation: You have hidden genetic potential. [potion
                  | of mutation]
 85713 | Zot:5    | Lost mutation: You have hidden genetic potential. [potion
                  | of mutation]
 85713 | Zot:5    | Lost mutation: You have a pair of large horns on your head.
                  | [potion of mutation]
 85713 | Zot:5    | Lost mutation: Your flesh is cold resistant. (rC+) [potion
                  | of mutation]
 85713 | Zot:5    | Gained mutation: You are somewhat resistant to further
                  | mutation. [potion of mutation]
 85713 | Zot:5    | Gained mutation: Your spells are harder to cast, but more
                  | powerful. [potion of mutation]
 85714 | Zot:5    | Lost mutation: Your spells are harder to cast, but more
                  | powerful. [potion of mutation]
 85714 | Zot:5    | Lost mutation: Your spells are a little harder to cast, but
                  | a little more powerful. [potion of mutation]
 85714 | Zot:5    | Lost mutation: You are somewhat resistant to further
                  | mutation. [potion of mutation]
 85714 | Zot:5    | Gained mutation: You are frail. (-10% HP) [potion of
                  | mutation]
 85714 | Zot:5    | Lost mutation: You are frail. (-10% HP) [potion of
                  | mutation]
 85714 | Zot:5    | Gained mutation: Your muscles are strong. (Str +4, Int/Dex
                  | -1) [potion of mutation]
 86218 | Tomb:1   | Entered Level 1 of the Tomb of the Ancients
 86376 | Tomb:1   | Identified the +3 buckler of Shrieking Wonder {-Tele Str+4}
 86444 | Tomb:1   | Noticed a royal mummy
 86445 | Tomb:1   | Noticed Khufu
 86445 | Tomb:1   | Noticed a royal mummy
 86449 | Tomb:1   | Noticed a royal mummy
 86463 | Tomb:1   | Killed a royal mummy
 86752 | Tomb:1   | Killed Khufu
 87330 | Tomb:1   | Killed a royal mummy
 87542 | Tomb:1   | Killed a royal mummy
 88209 | Tomb:1   | Noticed a royal mummy
 88214 | Tomb:1   | Noticed a royal mummy
 88728 | Tomb:1   | Killed a royal mummy
 88820 | Tomb:1   | Upgraded the game from 0.30-a0-709-gcdc1b43e22 to
                  | 0.30-a0-715-gdb4ae3ece1
 88890 | Tomb:1   | Noticed a royal mummy
 88898 | Tomb:1   | Killed a royal mummy
 89103 | Tomb:1   | Killed a royal mummy
 89958 | Tomb:2   | Noticed a royal mummy
 89961 | Tomb:2   | Noticed a royal mummy
 90182 | Tomb:2   | Noticed a royal mummy
 90182 | Tomb:2   | Noticed a royal mummy
 90182 | Tomb:2   | Noticed a royal mummy
 90190 | Tomb:2   | Killed a royal mummy
 90195 | Tomb:2   | Killed a royal mummy
 90203 | Tomb:2   | Killed a royal mummy
 90204 | Tomb:2   | Killed a royal mummy
 90215 | Tomb:2   | Killed a royal mummy
 90993 | Tomb:2   | Reached XP level 27. HP: 272/272 MP: 2/22
 91352 | Tomb:2   | Identified the +5 sling "Ultimatum" {freeze, rPois rF- SInv
                  | Stlth+}
 91636 | Tomb:1   | Noticed a royal mummy
 91637 | Tomb:1   | Noticed a royal mummy
 91652 | Tomb:1   | Killed a royal mummy
 91669 | Tomb:1   | Killed a royal mummy
 91672 | Tomb:1   | Noticed a royal mummy
 91680 | Tomb:1   | Noticed a royal mummy
 91683 | Tomb:1   | Killed a royal mummy
 91689 | Tomb:1   | Killed a royal mummy
 91693 | Tomb:1   | Noticed a royal mummy
 92097 | Tomb:1   | Killed a royal mummy
 92428 | Tomb:1   | Noticed a royal mummy
 92437 | Tomb:1   | Killed a royal mummy
 92540 | Tomb:1   | Noticed a royal mummy
 92542 | Tomb:1   | Noticed a royal mummy
 92549 | Tomb:1   | Killed a royal mummy
 92563 | Tomb:1   | Killed a royal mummy
 92786 | Tomb:1   | Noticed a royal mummy
 92797 | Tomb:1   | Killed a royal mummy
 92801 | Tomb:1   | Noticed a royal mummy
 92805 | Tomb:1   | Noticed a royal mummy
 92816 | Tomb:1   | Killed a royal mummy
 92828 | Tomb:1   | Killed a royal mummy
 92828 | Tomb:1   | Noticed a royal mummy
 92847 | Tomb:1   | Killed a royal mummy
 93091 | Tomb:1   | Noticed a royal mummy
 93102 | Tomb:1   | Killed a royal mummy
 93104 | Tomb:1   | Noticed a royal mummy
 93123 | Tomb:1   | Killed a royal mummy
 93358 | Tomb:1   | Noticed a royal mummy
 93372 | Tomb:1   | Killed a royal mummy
 94774 | Tomb:3   | Entered Level 3 of the Tomb of the Ancients
 94857 | Tomb:3   | Noticed a royal mummy
 94879 | Tomb:3   | Noticed a royal mummy
 94882 | Tomb:3   | Killed a royal mummy
 94886 | Tomb:3   | Killed a royal mummy
 94887 | Tomb:3   | Noticed a royal mummy
 94887 | Tomb:3   | Noticed a royal mummy
 94887 | Tomb:3   | Noticed a royal mummy
 94887 | Tomb:3   | Noticed a royal mummy
 94887 | Tomb:3   | Noticed a royal mummy
 95299 | Tomb:3   | Noticed a royal mummy
 95299 | Tomb:3   | Noticed a royal mummy
 96881 | Depths:2 | Voluntarily entered the Abyss.
 97080 | Abyss:2  | Noticed an ancient lich
 97087 | Abyss:2  | Killed an ancient lich
 97219 | Abyss:2  | Noticed a dread lich
 97238 | Abyss:2  | Killed a dread lich
 97344 | Depths:2 | Escaped the Abyss
 97560 | Depths:2 | Voluntarily entered the Abyss.
 97838 | Abyss:2  | Reached skill level 27 in Dodging
 97852 | Abyss:2  | Reached skill level 1 in Throwing
 98157 | Abyss:2  | Paralysed by a floating eye for 2 turns
 98229 | Abyss:2  | Reached skill level 5 in Throwing
 99036 | Abyss:2  | Gained mutation: You occasionally lose the ability to drink
                  | potions when taking damage. [a neqoxec]
 99451 | Abyss:2  | Reached skill level 10 in Throwing
 99626 | Depths:2 | Escaped the Abyss
100311 | Depths:2 | Lost mutation: Your muscles are strong. (Str +4, Int/Dex
                  | -1) [potion of mutation]
100311 | Depths:2 | Lost mutation: You occasionally lose the ability to drink
                  | potions when taking damage. [potion of mutation]
100311 | Depths:2 | Gained mutation: You have supernaturally acute eyesight.
                  | (SInv) [potion of mutation]
100312 | Depths:2 | Lost mutation: You have supernaturally acute eyesight.
                  | (SInv) [potion of mutation]
100516 | Depths:2 | Gained mutation: You are partially covered in iridescent
                  | scales. (AC +2) [potion of mutation]
100525 | Depths:2 | Voluntarily entered the Abyss.
100766 | Abyss:2  | Found a corrupted altar of Lugonu.
100801 | Depths:2 | Escaped the Abyss
100997 | Depths:2 | Lost mutation: You are partially covered in iridescent
                  | scales. (AC +2) [potion of mutation]
100997 | Depths:2 | Gained mutation: You are dopey. (Int -2) [potion of
                  | mutation]
100997 | Depths:2 | Gained mutation: Your system is resistant to poisons.
                  | (rPois) [potion of mutation]
100998 | Depths:2 | Lost mutation: Your system is resistant to poisons. (rPois)
                  | [potion of mutation]
100998 | Depths:2 | Lost mutation: You are dopey. (Int -2) [potion of mutation]
100998 | Depths:2 | Gained mutation: You have an increased reservoir of magic.
                  | (+10% MP) [potion of mutation]
100998 | Depths:2 | Gained mutation: You have a somewhat thin skeletal
                  | structure. (Dex +2, Stealth+) [potion of mutation]
101001 | Depths:2 | Lost mutation: You have an increased reservoir of magic.
                  | (+10% MP) [potion of mutation]
101001 | Depths:2 | Lost mutation: You have a somewhat thin skeletal structure.
                  | (Dex +2, Stealth+) [potion of mutation]
101001 | Depths:2 | Gained mutation: You are strong-willed. (Will+) [potion of
                  | mutation]
101001 | Depths:2 | Gained mutation: You occasionally lose the ability to read
                  | scrolls when taking damage. [potion of mutation]
101001 | Depths:2 | Gained mutation: Your spells are a little easier to cast,
                  | but a little less powerful. [potion of mutation]
101001 | Depths:2 | Gained mutation: You have sharp toenails. [potion of
                  | mutation]
101002 | Depths:2 | Lost mutation: Your spells are a little easier to cast, but
                  | a little less powerful. [potion of mutation]
101002 | Depths:2 | Lost mutation: You have sharp toenails. [potion of
                  | mutation]
101002 | Depths:2 | Gained mutation: You are partially covered in iridescent
                  | scales. (AC +2) [potion of mutation]
101002 | Depths:2 | Gained mutation: You passively dampen the noise of your
                  | surroundings. [potion of mutation]
101003 | Depths:2 | Lost mutation: You occasionally lose the ability to read
                  | scrolls when taking damage. [potion of mutation]
101003 | Depths:2 | Lost mutation: You are strong-willed. (Will+) [potion of
                  | mutation]
101003 | Depths:2 | Lost mutation: You are partially covered in iridescent
                  | scales. (AC +2) [potion of mutation]
102136 | Vaults:4 | Bought a scroll of immolation for 100 gold pieces
102136 | Vaults:4 | Bought a potion of lignification for 75 gold pieces
102364 | Depths:1 | Bought a scroll of immolation for 44 gold pieces
102364 | Depths:1 | Bought a scroll of immolation for 44 gold pieces
102366 | Depths:1 | Bought a scroll of teleportation for 108 gold pieces
103013 | Tomb:3   | Killed a royal mummy
103023 | Tomb:3   | Killed a royal mummy
103084 | Tomb:3   | Killed a royal mummy
103111 | Tomb:3   | Killed a royal mummy
103538 | Tomb:3   | Killed a royal mummy
103726 | Tomb:3   | Killed a royal mummy
103728 | Tomb:3   | Killed a royal mummy
104046 | Tomb:3   | Identified the +6 morningstar of the Invisible Allies
                  | {freeze, *Rage rPois Str+3 Dex+4}
104067 | Tomb:3   | Identified the +11 battleaxe of Symmetry {venom, rElec
                  | Will+ Dex+5}
104118 | Tomb:3   | Identified the +2 scale mail of Repulsion {Contam Str+7
                  | Int+3}
104231 | Tomb:3   | Got a golden rune of Zot
104876 | Pan      | Entered Pandemonium
105398 | Pan      | Found a white marble altar of Elyvilon.
105499 | Pan      | Reached skill level 15 in Throwing
105721 | Pan      | Found a glowing silver altar of Zin.
106254 | Pan      | Identified the +7 falchion of Pian {freeze, rC+ Str+9 Int-4
                  | Dex-5}
107617 | Pan      | Noticed a seraph
107631 | Pan      | Killed a seraph
107633 | Pan      | Found a glowing golden altar of the Shining One.
107633 | Pan      | Identified the ring "Sodeck" {+Blink Fly rPois Int+3 Dex-2}
107759 | Pan      | Identified the +10 great mace of Terror {drain, Str+4
                  | Int+4}
107763 | Pan      | Got the Papyrus of the Scintillating Winter
107766 | Pan      | Got a demonic rune of Zot
107767 | Pan      | Identified the +0 scale mail "Jaluy" {rC+ rCorr Int+3}
107957 | Pan      | Identified the +8 tower shield of Impatience {rN+ Dex+3}
108348 | Pan      | Identified the +1 spear of Wariness {freeze, rC+ Will++
                  | rCorr Int-3}
109760 | Pan      | Reached skill level 1 in Ranged Weapons
109826 | Pan      | Found an exit through the horrors of the Abyss.
110140 | Pan      | Gained mutation: You occasionally lose the ability to drink
                  | potions when taking damage. [a cacodemon]
110331 | Pan      | Found a runed translucent door.
111566 | Pan      | Reached skill level 5 in Ranged Weapons
111842 | Pan      | Noticed Yrchanash the pandemonium lord
111849 | Pan      | Killed Yrchanash the pandemonium lord
112849 | Pan      | Found Zasyint's Book Boutique.
112857 | Pan      | Found an opulent altar of Gozag.
112858 | Pan      | Found an opulent altar of Gozag.
112894 | Pan      | Noticed Zasyint the pandemonium lord
112897 | Pan      | Found Zasyint's Assorted Sundries.
112898 | Pan      | Noticed a dread lich
112912 | Pan      | Killed a dread lich
112924 | Pan      | Killed Zasyint the pandemonium lord
112947 | Pan      | Found Zasyint's Rarities Depot.
112953 | Pan      | Found an opulent altar of Gozag.
112990 | Pan      | Found Zasyint's Exquisite Manuscripts.
113021 | Pan      | Reached skill level 10 in Ranged Weapons
113112 | Pan      | Bought a scroll of blinking for 120 gold pieces
113112 | Pan      | Bought a scroll of enchant armour for 120 gold pieces
113112 | Pan      | Bought a scroll of blinking for 120 gold pieces
113112 | Pan      | Bought a scroll of teleportation for 48 gold pieces
113112 | Pan      | Bought 2 scrolls of enchant armour for 240 gold pieces
113132 | Pan      | Bought a scroll of teleportation for 45 gold pieces
113955 | Depths:2 | Escaped Pandemonium
113969 | Depths:2 | Bought a potion of lignification for 57 gold pieces
113969 | Depths:2 | Bought a potion of mutation for 152 gold pieces
113969 | Depths:2 | Bought a potion of heal wounds for 95 gold pieces
113969 | Depths:2 | Bought a potion of heal wounds for 95 gold pieces
113973 | Depths:2 | Bought a scroll of blinking for 112 gold pieces
113973 | Depths:2 | Bought a scroll of teleportation for 45 gold pieces
113973 | Depths:2 | Bought 3 scrolls of blinking for 337 gold pieces
113973 | Depths:2 | Bought a scroll of teleportation for 45 gold pieces
113973 | Depths:2 | Bought a scroll of teleportation for 45 gold pieces
113973 | Depths:2 | Bought 2 scrolls of teleportation for 90 gold pieces
114000 | Pan      | Entered the realm of Mnoleg.
114000 | Pan      | Entered Pandemonium
114381 | Pan      | Gained mutation: Armour fits poorly on your strangely
                  | shaped body. [a neqoxec]
114715 | Pan      | Noticed Mennas
114730 | Pan      | Killed Mennas
114767 | Pan      | Gained mutation: You are strong-willed. (Will+) [a neqoxec]
114777 | Pan      | Lost intelligence.
115210 | Pan      | Paralysed by a floating eye for 2 turns
115320 | Pan      | Gained mutation: Your system is resistant to poisons.
                  | (rPois) [a cacodemon]
115538 | Pan      | Lost intelligence.
115539 | Pan      | Gained mutation: Your spells are a little easier to cast,
                  | but a little less powerful. [a neqoxec]
115540 | Pan      | Gained mutation: You are clumsy. (Dex -2) [a neqoxec]
115548 | Pan      | Gained mutation: You sometimes lose the ability to drink
                  | potions when taking damage. [a neqoxec]
115552 | Pan      | Gained mutation: You are vulnerable to cold. (rC-) [a
                  | neqoxec]
115657 | Pan      | Gained mutation: You are occasionally teleported next to
                  | monsters. [a neqoxec]
115676 | Pan      | Lost mutation: You sometimes lose the ability to drink
                  | potions when taking damage. [potion of mutation]
115676 | Pan      | Lost mutation: You occasionally lose the ability to drink
                  | potions when taking damage. [potion of mutation]
115676 | Pan      | Gained mutation: Your body sometimes deteriorates upon
                  | taking damage. [potion of mutation]
115862 | Pan      | Noticed Mnoleg
115903 | Pan      | Killed Mnoleg
116121 | Pan      | Gained mutation: Your body often deteriorates upon taking
                  | damage. [a cacodemon]
116392 | Pan      | Gained mutation: You do not regenerate when monsters are
                  | visible. [a neqoxec]
116555 | Pan      | Got a glowing rune of Zot
116674 | Pan      | Gained mutation: You are frail. (-10% HP) [a cacodemon]
116700 | Pan      | Gained mutation: Your spells are easier to cast, but less
                  | powerful. [a cacodemon]
116701 | Pan      | Gained mutation: Your magical capacity is low. (-10% MP) [a
                  | cacodemon]
116795 | Pan      | Gained mutation: You occasionally lose the ability to read
                  | scrolls when taking damage. [a neqoxec]
116906 | Pan      | Gained mutation: Your spells are much easier to cast, but
                  | much less powerful. [a neqoxec]
116907 | Pan      | Gained mutation: You are weak. (Str -2) [a neqoxec]
117495 | Pan      | Noticed Tihofaigg the pandemonium lord
117841 | Pan      | Acquired the +2 pair of boots of Claustrophobia {rF+
                  | Will++}
118368 | Pan      | Killed Tihofaigg the pandemonium lord
118524 | Pan      | Entered the realm of Cerebov.
118553 | Pan      | Reached skill level 1 in Stealth
119049 | Pan      | Found an exit through the horrors of the Abyss.
119214 | Pan      | Reached skill level 15 in Ranged Weapons
119292 | Pan      | Identified the ring of the Pariah {Will+ Str+3 Dex+6}
119554 | Pan      | Found the +6 sword of Cerebov {flame}
119554 | Pan      | Noticed Cerebov
119591 | Pan      | Killed Cerebov
119891 | Pan      | Identified the +3 spear "Xom's Ringing Laughter" {venom,
                  | rPois rC- rN+++}
119930 | Pan      | Identified the +8 hand crossbow "Newtslayer" {elec, rElec
                  | rN+ Str+3 Int-2}
119952 | Pan      | Identified the +2 scale mail "Keejadiaq" {rPois rN+ SInv}
119994 | Pan      | Got a fiery rune of Zot
120022 | Pan      | Got the Papyrus of Grey Incineration
121995 | Pan      | Noticed Kiber the pandemonium lord
122009 | Pan      | Killed Kiber the pandemonium lord
122017 | Pan      | Gained mutation: You are very frail. (-20% HP) [a
                  | cacodemon]
122364 | Depths:2 | Escaped Pandemonium
122449 | Depths:2 | Bought a scroll of noise for 24 gold pieces
122450 | Depths:2 | Bought a scroll of fear for 92 gold pieces
122450 | Depths:2 | Bought a scroll of immolation for 92 gold pieces
123017 | Pan      | Entered Pandemonium
123231 | Pan      | Noticed Hoqosir the pandemonium lord
123249 | Pan      | Killed Hoqosir the pandemonium lord
124126 | Pan      | Acquired 813 gold pieces
124128 | Pan      | Noticed Kusorgha the pandemonium lord
124137 | Pan      | Killed Kusorgha the pandemonium lord
124632 | Pan      | Entered the realm of Gloorx Vloq.
125085 | Pan      | Reached skill level 27 in Throwing
125358 | Pan      | Noticed Gloorx Vloq
125672 | Pan      | Killed Gloorx Vloq
125945 | Pan      | Got a dark rune of Zot
126942 | Pan      | Identified the +2 pair of boots "Hura" {Str+3}
127844 | Pan      | Found an exit through the horrors of the Abyss.
127875 | Pan      | Entered the realm of Lom Lobon.
128711 | Pan      | Noticed Lom Lobon
129681 | Pan      | HP: 6/218 [Lom Lobon/great icy blast (46)]
129696 | Pan      | Killed Lom Lobon
130364 | Pan      | Got a magical rune of Zot
131053 | Pan      | Noticed Fotilooq the pandemonium lord
131078 | Pan      | Killed Fotilooq the pandemonium lord
132274 | Pan      | Found an exit through the horrors of the Abyss.
132284 | Pan      | Took an exit into the Abyss.
132284 | Abyss:2  | Escaped into the Abyss
132860 | Abyss:2  | Noticed a dread lich
132860 | Abyss:2  | Gained mutation: You are very weak. (Str -4) [a neqoxec]
132877 | Abyss:2  | Killed a dread lich
132939 | Abyss:3  | Lost mutation: Your system is resistant to poisons. (rPois)
                  | [potion of mutation]
132939 | Abyss:3  | Lost mutation: You are very weak. (Str -4) [potion of
                  | mutation]
132939 | Abyss:3  | Lost mutation: Your spells are much easier to cast, but
                  | much less powerful. [potion of mutation]
132940 | Abyss:3  | Lost mutation: You do not regenerate when monsters are
                  | visible. [potion of mutation]
132940 | Abyss:3  | Lost mutation: Your body often deteriorates upon taking
                  | damage. [potion of mutation]
132940 | Abyss:3  | Lost mutation: You are very frail. (-20% HP) [potion of
                  | mutation]
132940 | Abyss:3  | Gained mutation: Your natural rate of healing is unusually
                  | fast. [potion of mutation]
133066 | Abyss:3  | Found a corrupted altar of Lugonu.
133168 | Depths:2 | Escaped the Abyss
133351 | Depths:2 | Voluntarily entered the Abyss.
133413 | Abyss:3  | Found a corrupted altar of Lugonu.
133454 | Abyss:3  | Got an abyssal rune of Zot
133486 | Depths:2 | Escaped the Abyss
135290 | Zig:1    | Entered Level 1 of a ziggurat
135315 | Zig:2    | Entered Level 2 of a ziggurat
135424 | Zig:3    | Entered Level 3 of a ziggurat
135526 | Zig:4    | Entered Level 4 of a ziggurat
135620 | Zig:5    | Entered Level 5 of a ziggurat
135748 | Zig:5    | Identified the ring of Fyeleg {rC+ rN+ rCorr Slay+2 Stlth-}
135770 | Zig:6    | Entered Level 6 of a ziggurat
135864 | Zig:7    | Entered Level 7 of a ziggurat
135870 | Zig:7    | Noticed a dread lich
135893 | Zig:7    | Killed a dread lich
135937 | Zig:7    | Identified the +3 flail "Joeczut" {heavy, *Rage Will+
                  | Str+4}
135941 | Zig:7    | Identified the +4 quarterstaff of Leufrec {heavy, Int+4}
135952 | Zig:7    | Identified the +2 plate armour of Masochism {Int+4 Dex-3
                  | SInv}
135960 | Zig:8    | Entered Level 8 of a ziggurat
135985 | Zig:8    | Reached skill level 27 in Ranged Weapons
136129 | Zig:8    | Identified the +4 mace "Impslayer" {holy, rC- rN++ Str+4
                  | SInv}
136133 | Zig:8    | Got Gilitrof's Experienced Incantation
136137 | Zig:8    | Got the Grimoire of Quantum Thunder
136153 | Zig:8    | Lost mutation: You are occasionally teleported next to
                  | monsters. [potion of mutation]
136153 | Zig:8    | Lost mutation: You are strong-willed. (Will+) [potion of
                  | mutation]
136153 | Zig:8    | Lost mutation: You are weak. (Str -2) [potion of mutation]
136153 | Zig:8    | Gained mutation: You are resistant to electric shocks.
                  | (rElec) [potion of mutation]
136153 | Zig:8    | Gained mutation: You have hidden genetic potential. [potion
                  | of mutation]
136154 | Zig:8    | Lost mutation: You are resistant to electric shocks.
                  | (rElec) [potion of mutation]
136154 | Zig:8    | Lost mutation: Your body sometimes deteriorates upon taking
                  | damage. [potion of mutation]
136154 | Zig:8    | Lost mutation: Your magical capacity is low. (-10% MP)
                  | [potion of mutation]
136154 | Zig:8    | Lost mutation: You occasionally lose the ability to read
                  | scrolls when taking damage. [potion of mutation]
136154 | Zig:8    | Gained mutation: Your system is resistant to poisons.
                  | (rPois) [potion of mutation]
136155 | Zig:8    | Lost mutation: You passively dampen the noise of your
                  | surroundings. [potion of mutation]
136155 | Zig:8    | Lost mutation: You have hidden genetic potential. [potion
                  | of mutation]
136155 | Zig:8    | Lost mutation: Armour fits poorly on your strangely shaped
                  | body. [potion of mutation]
136155 | Zig:8    | Gained mutation: You are very clumsy. (Dex -4) [potion of
                  | mutation]
136155 | Zig:8    | Gained mutation: You are covered in fur. (AC +1) [potion of
                  | mutation]
136160 | Zig:9    | Entered Level 9 of a ziggurat
136181 | Zig:9    | Reached skill level 5 in Evocations
136321 | Zig:9    | Got the Codex of Lithic Unhallowed Mysteries
136323 | Zig:9    | Identified the ring "Gaazelirhy" {rPois rN+ Dex+2 Stlth+}
136333 | Zig:10   | Entered Level 10 of a ziggurat
136338 | Zig:10   | Noticed a juggernaut
136339 | Zig:10   | Noticed a juggernaut
136348 | Zig:10   | Killed a juggernaut
136363 | Zig:10   | Killed a juggernaut
136445 | Zig:10   | Identified the +0 leather armour of Midnight {Rampage Will+
                  | Dex+6}
136446 | Zig:10   | Identified the +1 chain mail "Zioduefo" {-Tele Will+ rCorr
                  | Dex+3}
136526 | Zig:10   | Lost mutation: You are very clumsy. (Dex -4) [potion of
                  | mutation]
136526 | Zig:10   | Lost mutation: Your spells are easier to cast, but less
                  | powerful. [potion of mutation]
136526 | Zig:10   | Lost mutation: Your spells are a little easier to cast, but
                  | a little less powerful. [potion of mutation]
136526 | Zig:10   | Gained mutation: You are partially covered in iridescent
                  | scales. (AC +2) [potion of mutation]
136526 | Zig:10   | Gained mutation: You are mostly covered in iridescent
                  | scales. (AC +4) [potion of mutation]
136527 | Zig:10   | Lost mutation: You are frail. (-10% HP) [potion of
                  | mutation]
136527 | Zig:10   | Lost mutation: Your natural rate of healing is unusually
                  | fast. [potion of mutation]
136527 | Zig:10   | Lost mutation: You are clumsy. (Dex -2) [potion of
                  | mutation]
136527 | Zig:10   | Gained mutation: Your mind is acute. (Int +4, Str/Dex -1)
                  | [potion of mutation]
136571 | Zig:11   | Entered Level 11 of a ziggurat
136762 | Zig:11   | Identified the ring "Hyblane" {Wiz Stlth+}
136767 | Zig:11   | Got Totuh's Precepts of the Blaze
136774 | Zig:11   | Identified the amulet "Zommanybb" {Acrobat rElec Str+7
                  | Int-3}
136792 | Zig:12   | Entered Level 12 of a ziggurat
136832 | Zig:12   | Reached skill level 10 in Evocations
137011 | Zig:12   | Identified the +12 scimitar "Sonunas" {vamp, rCorr Int+7
                  | Dex-5}
137018 | Zig:12   | Identified the +4 scale mail of Sloth {rElec Slay+2}
137025 | Zig:12   | Identified the amulet of Jinoduw {Acrobat Will+ Str+3}
137057 | Zig:13   | Entered Level 13 of a ziggurat
137141 | Zig:13   | Found the +12 glaive of Prune {freeze, Prune}
137298 | Zig:13   | Identified the +10 morningstar of the Sky {heavy, Will++
                  | Dex+2}
137316 | Zig:13   | Identified the +1 leather armour "Tomamouth" {rF- Int+2
                  | Slay+3}
137344 | Zig:14   | Entered Level 14 of a ziggurat
137762 | Zig:15   | Entered Level 15 of a ziggurat
137771 | Zig:15   | Gained mutation: You passively map a small area around you.
                  | [a shining eye]
137978 | Zig:15   | Reached skill level 15 in Evocations
137989 | Zig:15   | Identified the +4 pair of gloves "Mat Pauc" {Fly Will-
                  | Str+3 Slay+3}
138013 | Zig:16   | Entered Level 16 of a ziggurat
138149 | Zig:16   | Identified the +2 pair of boots of Love and Death {rPois
                  | rC++ Int+3 Dex+4}
138221 | Zig:16   | Identified the +5 arbalest of Earthquakes {flame, rF+ Int-2
                  | Dex+3}
138229 | Zig:16   | Identified the +1 leather armour "Sedowina" {rElec}
138233 | Zig:16   | Identified the +6 broad axe "Neqoubef" {spect, rPois rN+}
138250 | Zig:17   | Entered Level 17 of a ziggurat
138387 | Zig:17   | Identified the +0 spear of Mylagatt {freeze, Dex+3 Stlth+}
138398 | Zig:17   | Identified the amulet of Rett {Spirit Int+4}
138415 | Zig:17   | Identified the +1 war axe "Deazxav" {protect, *Rage Will+
                  | Int+4 Dex+3}
138417 | Zig:17   | Got the Quarto of the Door
138435 | Zig:18   | Entered Level 18 of a ziggurat
138682 | Zig:18   | Identified the +1 robe of Pemot {Fly rPois rN+ Slay-5}
138726 | Zig:18   | Identified the ring "Zeerib" {*Slow rF++ Int+6 Dex+4
                  | Stlth+}
138743 | Zig:18   | Got the Commentary on Geomancy
138746 | Zig:18   | Identified the +0 shortbow of Paahyol {heavy, Will- Dex+3
                  | SInv Stlth+}
138761 | Zig:18   | Identified the amulet "Unagydd" {Acrobat Will+ Str+6}
138769 | Zig:18   | Lost mutation: You are mostly covered in iridescent scales.
                  | (AC +4) [potion of mutation]
138769 | Zig:18   | Lost mutation: You are vulnerable to cold. (rC-) [potion of
                  | mutation]
138769 | Zig:18   | Lost mutation: Your system is resistant to poisons. (rPois)
                  | [potion of mutation]
138769 | Zig:18   | Gained mutation: You do not regenerate when monsters are
                  | visible. [potion of mutation]
138769 | Zig:18   | Gained mutation: You are robust. (+10% HP) [potion of
                  | mutation]
138770 | Zig:18   | Lost mutation: You passively map a small area around you.
                  | [potion of mutation]
138770 | Zig:18   | Lost mutation: You do not regenerate when monsters are
                  | visible. [potion of mutation]
138770 | Zig:18   | Gained mutation: Your system is resistant to poisons.
                  | (rPois) [potion of mutation]
138770 | Zig:18   | Gained mutation: You have large cloven feet. [potion of
                  | mutation]
138808 | Zig:19   | Entered Level 19 of a ziggurat
139045 | Zig:19   | Identified the amulet of Sloth {RegenMP Dex+4}
139062 | Zig:19   | Identified the ring of Feugg {MP+9 Int+6}
139071 | Zig:19   | Identified the +2 lajatang "Qoriputu" {heavy, rF+}
139095 | Zig:20   | Entered Level 20 of a ziggurat
139502 | Zig:20   | Identified the +10 swamp dragon scales of Fashionability
                  | {rPois Str+3}
139506 | Zig:20   | Identified the +5 hand axe of Vanity {freeze, Will+ Int+3}
139508 | Zig:20   | Identified the +1 mace of Cowardice {elec, Fly rCorr Str+2}
139514 | Zig:20   | Identified the ring of Anunenn {Drain rElec rN+++ Will+
                  | SInv}
139526 | Zig:20   | Identified the +7 chain mail of Refuge {Harm rCorr}
139547 | Zig:21   | Entered Level 21 of a ziggurat
139670 | Zig:21   | Found the +7 lajatang of Order {silver, rMut}
139897 | Zig:22   | Entered Level 22 of a ziggurat
139948 | Zig:22   | Noticed Ugal the pandemonium lord
139962 | Abyss:6  | Found a corrupted altar of Lugonu.
139962 | Abyss:6  | Cast into level 6 of the Abyss (unwielding a weapon of
                  | distortion)
139981 | Zig:22   | Escaped the Abyss
140006 | Zig:23   | Entered Level 23 of a ziggurat
140052 | Zig:23   | Gained mutation: You are vulnerable to heat. (rF-)
                  | [mutagenic glow]
140060 | Depths:4 | Gained mutation: Your body sometimes deteriorates upon
                  | taking damage. [mutagenic glow]
140069 | Depths:4 | Gained mutation: You are somewhat resistant to further
                  | mutation. [mutagenic glow]
140978 | Depths:1 | Bought a scroll of magic mapping for 97 gold pieces
140978 | Depths:1 | Bought a scroll of magic mapping for 97 gold pieces
140978 | Depths:1 | Bought a scroll of teleportation for 39 gold pieces
140994 | Hell     | Entered the Vestibule of Hell
140994 | Hell     | Noticed Geryon
141003 | Hell     | Killed Geryon
141273 | Hell     | Found a gateway to the Iron City of Dis.
141328 | Hell     | Found a gateway to the decaying netherworld of Tartarus.
141363 | Hell     | Found a gateway to the ashen valley of Gehenna.
141393 | Hell     | Lost mutation: Your body sometimes deteriorates upon taking
                  | damage. [potion of mutation]
141393 | Hell     | Lost mutation: You have large cloven feet. [potion of
                  | mutation]
141394 | Hell     | Lost mutation: Your system is resistant to poisons. (rPois)
                  | [potion of mutation]
141394 | Hell     | Lost mutation: You are robust. (+10% HP) [potion of
                  | mutation]
141394 | Hell     | Lost mutation: You are covered in fur. (AC +1) [potion of
                  | mutation]
141394 | Hell     | Gained mutation: You are robust. (+10% HP) [potion of
                  | mutation]
141394 | Hell     | Gained mutation: Your movements are slightly less
                  | encumbered by armour. (ER -2) [potion of mutation]
141430 | Tar:1    | Entered Level 1 of Tartarus
144974 | Tar:6    | Noticed an ancient lich
144980 | Tar:6    | Killed an ancient lich
145521 | Tar:7    | Entered Level 7 of Tartarus
146192 | Tar:7    | Reached skill level 27 in Evocations
146219 | Tar:7    | Reached skill level 1 in Spellcasting
147081 | Tar:7    | Reached skill level 5 in Spellcasting
147149 | Tar:7    | Identified the +9 longbow of Frustration {elec, Str+2}
147154 | Tar:7    | Identified the +12 shortbow of Satyriasis {freeze, rC+}
147796 | Tar:7    | Noticed Ereshkigal
147821 | Tar:7    | Killed Ereshkigal
148498 | Tar:7    | Found the +4 moon troll leather armour {Spirit, Regen++
                  | MP+5}
149556 | Tar:7    | Got a bone rune of Zot
149560 | Tar:7    | Identified the +0 scale mail of the Mind {Int+3}
149562 | Tar:7    | Identified the amulet "Orhu" {Spirit rElec}
150095 | Hell     | Found a gateway to the freezing wastes of Cocytus.
150103 | Hell     | Reached skill level 1 in Transmutations
150106 | Hell     | Reached skill level 1 in Necromancy
150186 | Hell     | Lost mutation: You are partially covered in iridescent
                  | scales. (AC +2) [potion of mutation]
150186 | Hell     | Lost mutation: You are somewhat resistant to further
                  | mutation. [potion of mutation]
150186 | Hell     | Gained mutation: You have a pair of large horns on your
                  | head. [potion of mutation]
150186 | Hell     | Gained mutation: You possess an exceptional clarity of
                  | mind. [potion of mutation]
150186 | Hell     | Gained mutation: You have large cloven feet. [potion of
                  | mutation]
150187 | Hell     | Lost mutation: Your movements are slightly less encumbered
                  | by armour. (ER -2) [potion of mutation]
150187 | Hell     | Lost mutation: You are robust. (+10% HP) [potion of
                  | mutation]
150187 | Hell     | Lost mutation: You are vulnerable to heat. (rF-) [potion of
                  | mutation]
150187 | Hell     | Gained mutation: You have an increased reservoir of magic.
                  | (+10% MP) [potion of mutation]
150187 | Hell     | Gained mutation: You have a somewhat thin skeletal
                  | structure. (Dex +2, Stealth+) [potion of mutation]
150358 | Depths:4 | Bought a potion of mutation for 152 gold pieces
150447 | Depths:1 | Bought a potion of mutation for 288 gold pieces
151167 | Depths:2 | Bought a scroll of fog for 60 gold pieces
151251 | Geh:1    | Entered Level 1 of Gehenna
152190 | Depths:1 | Bought a wand of mindburst (4) for 201 gold pieces
153270 | Geh:2    | Reached skill level 5 in Transmutations
153424 | Geh:2    | Noticed an ancient lich
153462 | Geh:2    | Killed an ancient lich
153463 | Geh:2    | Reached skill level 5 in Necromancy
153515 | Geh:2    | Noticed a dread lich
153516 | Geh:2    | Noticed a dread lich
153526 | Geh:2    | Killed a dread lich
153526 | Geh:2    | Killed a dread lich
153527 | Geh:2    | Noticed an ancient lich
153530 | Geh:2    | Noticed a dread lich
153537 | Geh:2    | Killed a dread lich
153547 | Geh:2    | Killed an ancient lich
153577 | Geh:2    | Lost mutation: You possess an exceptional clarity of mind.
                  | [potion of mutation]
153577 | Geh:2    | Lost mutation: You have large cloven feet. [potion of
                  | mutation]
153577 | Geh:2    | Gained mutation: You expend magic power (3 MP) to
                  | strengthen your wands. [potion of mutation]
153577 | Geh:2    | Gained mutation: You passively dampen the noise of your
                  | surroundings. [potion of mutation]
153577 | Geh:2    | Gained mutation: You are resistant to electric shocks.
                  | (rElec) [potion of mutation]
153578 | Geh:2    | Lost mutation: You have a somewhat thin skeletal structure.
                  | (Dex +2, Stealth+) [potion of mutation]
153578 | Geh:2    | Lost mutation: You are resistant to electric shocks.
                  | (rElec) [potion of mutation]
153578 | Geh:2    | Lost mutation: You expend magic power (3 MP) to strengthen
                  | your wands. [potion of mutation]
153578 | Geh:2    | Lost mutation: You have an increased reservoir of magic.
                  | (+10% MP) [potion of mutation]
153578 | Geh:2    | Gained mutation: You are strong-willed. (Will+) [potion of
                  | mutation]
154719 | Geh:7    | Entered Level 7 of Gehenna
156138 | Geh:7    | Found the +7 sceptre of Asmodeus
156138 | Geh:7    | Noticed Asmodeus
156162 | Geh:7    | Killed Asmodeus
156163 | Geh:7    | Reached skill level 10 in Transmutations
156574 | Geh:7    | Got an obsidian rune of Zot
156624 | Geh:7    | Identified the ring of the Okapi {rF+ rN+ Str+4}
156626 | Geh:7    | Identified the ring "Ytebanlif" {Fire rElec Str+5 Dex-2
                  | SInv}
156855 | Coc:1    | Entered Level 1 of Cocytus
157736 | Coc:3    | Reached skill level 10 in Necromancy
158150 | Coc:4    | Noticed a dread lich
159058 | Coc:7    | Entered Level 7 of Cocytus
159361 | Coc:7    | Paralysed by a wendigo for 1 turns
160187 | Coc:7    | Identified the +1 morningstar "Gaagyz" {venom, Fly}
160188 | Coc:7    | Identified the amulet "Siatuc" {Spirit Fly rF+ rCorr}
160643 | Coc:7    | Noticed Antaeus
160681 | Coc:7    | Killed Antaeus
160962 | Coc:7    | Found the +3 giant club "Skullcrusher" {speed, Str+7}
161253 | Coc:7    | Got an icy rune of Zot
161310 | Coc:7    | Identified the +3 morningstar of Ivvex {heavy, Str+5}
163649 | Dis:1    | Entered Level 1 of the Iron City of Dis
165269 | Dis:3    | Learned a level 8 spell: Necromutation
165279 | Dis:3    | Learned a level 9 spell: Death's Door
165318 | Dis:3    | Noticed a royal mummy
165329 | Dis:3    | Killed a royal mummy
165523 | Dis:3    | Noticed a dread lich
165523 | Dis:3    | Noticed an ancient lich
165533 | Dis:3    | Killed an ancient lich
165534 | Dis:3    | Killed a dread lich
165536 | Dis:3    | Noticed a royal mummy
165542 | Dis:3    | Killed a royal mummy
165544 | Dis:3    | Noticed a royal mummy
165551 | Dis:3    | Killed a royal mummy
165554 | Dis:3    | Noticed a royal mummy
165562 | Dis:3    | Killed a royal mummy
165936 | Dis:3    | Noticed a royal mummy
165948 | Dis:3    | Killed a royal mummy
166168 | Dis:3    | Noticed a royal mummy
166179 | Dis:3    | Killed a royal mummy
166180 | Dis:3    | Reached skill level 15 in Transmutations
166186 | Dis:3    | Noticed a royal mummy
166192 | Dis:3    | Killed a royal mummy
167542 | Dis:6    | Noticed a dread lich
167554 | Dis:6    | Killed a dread lich
167996 | Dis:7    | Entered Level 7 of the Iron City of Dis
168145 | Dis:7    | Reached skill level 15 in Necromancy
169394 | Dis:7    | Identified the +9 broad axe of Ateumecw {flame, rPois rF+
                  | Str-3 Stlth+}
169920 | Dis:7    | Identified the +2 sling of Accord {antimagic, rCorr Str+2
                  | Dex+2 Stlth-}
170096 | Dis:7    | Noticed a juggernaut
170108 | Dis:7    | Killed a juggernaut
170465 | Dis:7    | Noticed the Serpent of Hell
170488 | Dis:7    | Noticed a juggernaut
170491 | Dis:7    | Noticed a juggernaut
170503 | Dis:7    | Killed the Serpent of Hell
170508 | Dis:7    | Killed a juggernaut
170517 | Dis:7    | Killed a juggernaut
170867 | Dis:7    | Found the +4 staff of Dispater
170867 | Dis:7    | Noticed Dispater
170896 | Dis:7    | Killed Dispater
170939 | Dis:7    | Got an iron rune of Zot
170942 | Dis:7    | Identified the +9 quarterstaff "Aruopud" {speed, MP+9 Str-4
                  | Dex+4}
171462 | Zot:5    | Got the Orb of Zot
171535 | Zot:5    | Noticed a seraph
171541 | Zot:5    | Killed a seraph
171578 | Zot:5    | Noticed Nemarch the pandemonium lord
171591 | Zot:5    | Killed Nemarch the pandemonium lord
171713 | Zot:1    | Noticed Ydduruz the pandemonium lord
171717 | Zot:1    | Noticed Leugeodi the pandemonium lord
171737 | Depths:4 | Noticed Ungottin the pandemonium lord
171737 | Depths:4 | Noticed an ancient lich
171740 | Depths:4 | Killed an ancient lich
171745 | Depths:4 | Killed Ungottin the pandemonium lord
172351 | D:2      | Noticed Rutteth the pandemonium lord
172366 | D:2      | Killed Rutteth the pandemonium lord
172508 | D:1      | Learned a level 3 spell: Spider Form
172513 | D:1      | Learned a level 4 spell: Ice Form
172615 | D:1      | Learned a level 6 spell: Statue Form
172623 | D:1      | Gained mutation: You do not regenerate when monsters are
                  | visible. [mutagenic glow]
172637 | D:1      | Gained mutation: Your body sometimes deteriorates upon
                  | taking damage. [mutagenic glow]
172651 | D:1      | Gained mutation: Your body often deteriorates upon taking
                  | damage. [mutagenic glow]
172658 | D:1      | Gained mutation: Your magical capacity is low. (-10% MP)
                  | [mutagenic glow]
172671 | D:1      | Lost mutation: Your mind is acute. (Int +4, Str/Dex -1)
                  | [mutagenic glow]
172676 | D:1      | Gained mutation: You are clumsy. (Dex -2) [mutagenic glow]
172701 | D:1      | Gained mutation: Your spells are a little easier to cast,
                  | but a little less powerful. [mutagenic glow]
172716 | D:1      | Gained mutation: You are very clumsy. (Dex -4) [mutagenic
                  | glow]
172749 | D:1      | Gained mutation: Your magical capacity is very low. (-20%
                  | MP) [mutagenic glow]
172765 | D:$      | Escaped with the Orb!

Illustrated notes

Levels and vault maps discovered:
D:1:      sevenhm_arrival_forest_fort_small_3, layout_basic
D:2:      layout_basic, ebering_ecumenical_altar_petrified, minmay_ruptured
D:3:      layout_rooms, tso_metal_star, mainiacjoe_overflow_boulevard,
          old_standard_altar, mainiacjoe_overflow_alcove_1, minmay_rat_hole,
          uniq_robin, uniq_jessica
D:4:      layout_rooms, kennysheep_little_box, gammafunk_temple_overflow_pools,
          nicolae_ossuary_entry_giza
D:5:      layout_basic, minmay_gold_behind_fungi, corexii_checkpoint_b,
          uniq_eustachio, uniq_pikel
D:6:      layout_loops_ring, lemuel_coloured_pillars_altar,
          mainiacjoe_overflow_tiny_flanked, minmay_temple_entry_poolview
D:7:      layout_basic, serial_shops, nicolae_shop_crystal
D:8:      layout_loops_ring, dpeg_lair_monsters, serial_shops,
          nicolae_shop_crystal, uniq_grum
D:9:      layout_long_grid
D:10:     layout_cave_pods, kennysheep_generic_room_4
D:11:     layout_roguey, hangedman_ranch, uniq_psyche, uniq_fannar
D:12:     layout_stronghold, orc_david_3
D:13:     layout_stronghold, grunt_vaults_entry_tiered,
          nicolae_straight_to_the_point
D:14:     layout_stronghold, serial_column_ruins, column_ruins_hut,
          column_ruins_circle_medium, column_ruins_open_large,
          column_ruins_open_tiny, column_ruins_grid_1, column_ruins_open_tiny,
          column_ruins_open_small, small_statue_alley_a, gauntlet_entry_generic,
          uniq_nessos
D:15:     grunt_enter_depths_snipers, layout_stronghold,
          kiku_gazebo_garden_becter, nicolae_wu_jian_wuxing_cycle
Temple:   nicolae_temple_ecumenical_triangle
Lair:1:   wad_woods_minihive, layout_gridlike, dpeg_stationary_puzzle
Lair:2:   layout_gridlike, nicolae_spider_entry_tight_spaces,
          grunt_megastairs_4, uniq_gastronok
Lair:3:   layout_cave_shapes, swamp_mist, chequers_serial_rivers_room_a
Lair:4:   layout_regular_city, dpeg_slime_entry_enclosed
Lair:5:   guppyfry_lair_end_dragon, layout_gridlike, wormcave,
          gammafunk_ghost_arena, infiniplex_staircase_pool_2,
          lemuel_fruit_fields
Swamp:1:  layout_falls_marsh, hangedman_swamp_lotus, uniq_mlioglotl
Swamp:2:  cheibrodos_swamp_heart_of_darkness, layout_basic_swamp,
          hangedman_swamp_ruin_hall
Swamp:3:  layout_basic_swamp, infiniplex_staircase_pool, uniq_kirke
Swamp:4:  swamp_basic_johnstein, layout_basic_swamp
Spider:1: layout_spider_delve, ebering_ghost_disaster_area,
          portal_ice_cave_entry_ice_statue_one, uniq_frances
Spider:2: layout_spider_delve, guppyfry_spider_mini_1, uniq_roxanne
Spider:3: layout_spider_delve
Spider:4: spider_rune_water, nicolae_spider_rock_and_or_roll
Slime:1:  layout_caves
Slime:2:  layout_caves, nicolae_slime_phagocytosis
Slime:3:  cheibrodos_slime_lost_civilization_2, layout_caves
Slime:4:  layout_caves, uniq_dissolution
Slime:5
Orc:1:    layout_caves, serial_shops, nicolae_lakefront_shop
Orc:2:    grunt_orc_community_town_hall, layout_diamond_mine,
          grunt_orc_community_big_house_2, grunt_orc_community_big_house_2,
          grunt_orc_community_house_2, grunt_orc_community_house_3,
          grunt_orc_community_house_1, grunt_orc_community_house_1,
          grunt_orc_community_house_3, grunt_orc_community_house_2
Elf:1:    layout_loops_corners, serial_shops, nicolae_shop_statue_plus,
          orc_legates, nicolae_elf_martial_mastery, minmay_shop_grove
Elf:2:    nicolae_elf_blades_splatter_lattice [nooodl_blade_entry_preview],
          layout_geoelf_octagon
Elf:3:    grunt_elf_hall_branching, layout_geoelf_diagonals, basic_altar
Vaults:1: ontoclasm_vaults_bender, vaults_room_semicircle, v_misc_1,
          hangedman_vaults_stitches, v_pattern_1, hangedman_vaults_impose,
          nicolae_vaults_what_the_h, grunt_vaults_hallway_short, v_misc_22,
          hangedman_vaults_slice, nicolae_vaults_gold_heap, st_cross,
          vaults_room_pool, vaults_dpeg_hooks, layout_vaults_big_room,
          serial_shops, nicolae_shop_stone
Vaults:2: hangedman_vaults_stagger, ontoclasm_vaults_chip,
          hangedman_vaults_nails, grunt_vaults_bifocal, layout_vaults_omnigrid,
          minmay_crypt_entry_simple_round, serial_shops, nicolae_lakefront_shop
Vaults:3: nicolae_vaults_triangles, ontoclasm_vaults_eye, ontoclasm_vaults_chip,
          nicolae_vaults_alarming, hangedman_vaults_slice, v_misc_5,
          nicolae_vaults_asterisk, grunt_vaults_funneled_arena,
          ontoclasm_vaults_shuriken, layout_vaults_omnicross, serial_shops,
          bzr_entry_gold
Vaults:4: v_misc_2, hangedman_vaults_cutoff, nicolae_vaults_circle_grid_a,
          hangedman_vaults_stretched_pinwheel,
          nicolae_vaults_windows_and_doors_thing,
          nicolae_vaults_little_squares_2, grunt_vaults_hallway_long,
          ontoclasm_vaults_twist, hangedman_vaults_stretched_pinwheel,
          nicolae_vaults_big_ls, hangedman_vaults_impose, vaults_dpeg_cross,
          nicolae_vaults_theta, v_misc_27, v_rooms_4, nicolae_vaults_asterisk,
          layout_vaults_maze, serial_shops, shop
Vaults:5
Crypt:1:  minmay_guarded_unrand_sceptre_of_torment, layout_chaotic_city,
          serial_sigils, serial_sigils_hangedman_gut,
          serial_sigils_hangedman_gut, serial_sigils_hangedman_carve,
          serial_sigils_hangedman_gnaw, serial_sigils_hangedman_quiver,
          serial_sigils_hangedman_snap
Crypt:2:  layout_basic, lemuel_upstairs_altar, grunt_megastairs_2, uniq_grunn
Crypt:3:  david_glass_crypt, layout_rooms, nicolae_tomb_entry_rubble_hallway,
          grunt_ministairs_14
Tomb:1:   uniq_khufu
Tomb:2
Tomb:3
Depths:1: layout_cave_pools, hellmonk_okawaru_the_only_friend_you_need,
          pf_hell_entry_great_geh, beargit_hepliaklqana_dungeon_heroes,
          uniq_sojobo, uniq_enchantress
Depths:2: kennysheep_cluttered_fort, layout_cave_shapes, grunt_mini_vestibule,
          abyss_entry_flame_altar, grunt_pan_entry_sceptre,
          nicolae_triple_integral, uniq_josephina
Depths:3: minmay_eyes, layout_long_grid, lemuel_statue_altar,
          pf_hell_entry_tar_river, abyss_entry, serial_shops,
          nicolae_diamond_shop, infiniplex_staircase_split_hallway
Depths:4: evilmike_zot_entry_basic, layout_small_grid, enter_ziggurat_b,
          hell_entry, nicolae_gozag_seed_capital, rand_demon_pan_entry_8,
          serial_bayou_shore_b, minmay_shoptagon
Hell
Dis:1:    layout_gridville, lemuel_dis_dragons
Dis:2:    layout_overlapping_boxes, nicolae_hells_fiendish_ambush
Dis:3:    layout_overlapping_boxes, lemuel_mystery_crypt
Dis:4:    layout_regular_city
Dis:5:    layout_subdivisions
Dis:6:    hangedman_dis_monolith, layout_regular_city
Dis:7:    dis_grunt_layers
Geh:1:    layout_gehenna_pools_box, evilmike_ambush
          [evilmike_ambush_outer_corners, evilmike_ambush_inner_wall_1]
Geh:2:    layout_gehenna_pools_triple, nicolae_hells_leichenhalle
Geh:3:    layout_gehenna_pools_box
Geh:4:    layout_gehenna_lava_caves, gehenna_fire_generator
Geh:5:    layout_gehenna_pools_box
Geh:6:    layout_gehenna_pools_triple
Geh:7:    geh_grunt
Coc:1:    layout_ice_bergs
Coc:2:    layout_cocytus_water_paths
Coc:3:    layout_cocytus_water_paths
Coc:4:    nicolae_coc_naught_crossing, layout_cocytus_water_paths
Coc:5:    layout_ice_bergs
Coc:6:    layout_cocytus_delve
Coc:7:    coc_hangedman
Tar:1:    layout_grid_maze
Tar:2:    layout_cathedral_of_symmetry, nicolae_tar_four_comb_rooms
Tar:3:    layout_cathedral_of_symmetry
Tar:4:    layout_catacombs, nicolae_tar_spectre_spectrum
Tar:5:    layout_grid_maze
Tar:6:    layout_honeycomb
Tar:7:    tar_minmay_river
Zot:1:    layout_misc_corridors
Zot:2:    layout_misc_corridors, grunt_ministairs_12, grunt_megastairs_1
Zot:3:    layout_basic
Zot:4:    layout_basic, st_stairs_9
Zot:5:    layout_misc_corridors

Skill      XL: |  1  2  3  4  5  6  7  8  9 10 11 12 13 14 15 16 17 18 19 20 21 22 23 24 25 26 27 |
---------------+----------------------------------------------------------------------------------+-----
Armour         | 4 5 6 7 8 10 12 13 15 17 18 19 21 22 23 24 26 27 | 27.0
Axes           | 3 4 5 6 8 10 12 13 15 17 18 20 21 22 23 25 26 27 | 27.0
Fighting       | 4 5 6 7 9 10 11 12 13 14 15 16 17 18 19 20 21 23 26 27 | 27.0
Shields        | 4 5 6 7 9 10 11 12 14 16 18 19 20 21 22 24 27 | 27.0
Dodging        | 9 17 23 27 | 27.0
Throwing       | 27 | 27.0
Ranged Weapons | 27 | 27.0
Stealth        | 4 |  4.0
Evocations     | 27 | 27.0
Spellcasting   | 8 |  8.7
Transmutations | 18 | 18.5
Necromancy     | 17 | 17.1

Action                     |  1- 3 |  4- 6 |  7- 9 | 10-12 | 13-15 | 16-18 | 19-21 | 22-24 | 25-27 || total
---------------------------+-------+-------+-------+-------+-------+-------+-------+-------+-------++-------
  Melee: War axe           |    96 |    85 |   346 |   625 |   213 |       |       |       |       ||  1365
         Headbutt          |    13 |     9 |    64 |   121 |   252 |   242 |   385 |   367 |  2837 ||  4290
         Broad axe         |       |       |       |       |   831 |  1056 |  1204 |  1169 |  8468 || 12728
   Fire: Arbalest          |       |       |       |       |       |       |       |       |     3 ||     3
  Throw: Javelin           |       |       |       |       |       |       |       |       |    24 ||    24
         Boomerang         |       |       |       |       |       |       |       |       |     3 ||     3
   Cast: Statue Form       |       |       |       |       |       |       |       |       |     2 ||     2
         Spider Form       |       |       |       |       |       |       |       |       |     1 ||     1
         Necromutation     |       |       |       |       |       |       |       |       |     1 ||     1
 Invoke: Call Merchant     |       |       |       |       |       |     6 |       |     5 |     8 ||    19
         Potion Petition   |       |       |       |       |       |       |       |       |    32 ||    32
         Bribe Branch      |       |       |       |       |       |       |       |       |     1 ||     1
  Evoke: Wand              |       |       |       |     3 |     6 |     1 |     1 |       |    29 ||    40
         Phantom mirror    |       |       |       |       |       |     1 |     1 |       |    16 ||    18
         Box of beasts     |       |       |       |       |       |       |     1 |       |    22 ||    23
         Horn of Geryon    |       |       |       |       |       |       |       |       |    19 ||    19
         Condenser vane    |       |       |       |       |       |       |       |       |     4 ||     4
         Lightning rod     |       |       |       |       |       |       |       |       |     2 ||     2
         Figurine of a zig |       |       |       |       |       |       |       |       |     1 ||     1
    Use: Potion            |     1 |       |     1 |     8 |     9 |    13 |     4 |     4 |   143 ||   183
         Scroll            |       |       |    13 |    11 |    15 |     8 |     5 |     7 |    73 ||   132
   Stab: Distracted        |       |       |       |     5 |    12 |    11 |    17 |    23 |   155 ||   223
         Invisible         |       |       |       |       |       |       |       |       |    89 ||    89
         Petrifying        |       |       |       |       |       |       |       |       |     6 ||     6
         Petrified         |       |       |       |       |       |       |       |       |     2 ||     2
 Armour: Scale mail        |    27 |       |       |       |       |       |       |       |       ||    27
         Plate armour      |    48 |    59 |   181 |   484 |   571 |   252 |       |       |       ||  1595
         Crystal plate arm |       |       |       |       |       |   624 |   519 |   220 |  1419 ||  2782
         Skin              |       |       |       |       |       |       |       |       |    97 ||    97
  Dodge: Dodged            |    48 |    29 |    99 |   203 |   290 |   227 |   137 |    86 |  3532 ||  4651
         Repelled          |       |       |       |       |     2 |       |       |       |     6 ||     8
  Block: Buckler           |    34 |    19 |    78 |   156 |    72 |       |       |       |       ||   359
         Kite shield       |       |       |       |       |   569 |   989 |   838 |    69 |  5531 ||  7996
         Tower shield      |       |       |       |       |       |       |       |   537 |    15 ||   552
         Reflection        |       |       |       |       |       |       |       |    61 |     2 ||    63

Table legend: (Time is in decaauts)
 A = Elapsed time spent in this place.
 B = Non-inter-level travel time spent in this place.
 C = Inter-level travel time spent in this place.
 D = Time resting spent in this place.
 E = Time spent auto-exploring this place.
 F = Levels seen in this place.
 G = Mean time per level.
                   A        B        C        D        E       F      G
               +--------+--------+--------+--------+--------+-----+--------+
         Total | 170533 | 157382 |  13151 |  22150 |  84311 | 135 | 1263.2 |
       Dungeon |  22244 |  17361 |   4883 |    581 |  12891 |  15 | 1482.9 |
        Temple |     53 |     35 |     18 |      0 |     21 |   1 |   53.0 |
          Lair |   5237 |   4575 |    662 |      5 |   3548 |   5 | 1047.4 |
         Swamp |   6292 |   6112 |    180 |     88 |   4879 |   4 | 1573.0 |
   Spider Nest |   4627 |   4430 |    197 |     54 |   2538 |   4 | 1156.8 |
    Slime Pits |   3867 |   3599 |    268 |     48 |   2409 |   5 |  773.4 |
  Orcish Mines |   2947 |   2415 |    532 |      0 |   1139 |   2 | 1473.5 |
   Elven Halls |   7330 |   6813 |    517 |    913 |   5001 |   3 | 2443.3 |
        Vaults |  16357 |  14462 |   1895 |   2132 |  10101 |   5 | 3271.4 |
         Crypt |   7043 |   6237 |    806 |    207 |   4961 |   3 | 2347.7 |
          Tomb |  12257 |  11793 |    464 |   1528 |   5930 |   3 | 4085.7 |
        Depths |  12439 |  10610 |   1829 |   2095 |   6389 |   4 | 3109.8 |
          Hell |    930 |    818 |    112 |      0 |    162 |   1 |  930.0 |
           Dis |   6710 |   6629 |     81 |   2408 |    943 |   7 |  958.6 |
       Gehenna |   4163 |   4163 |      0 |    910 |    766 |   7 |  594.7 |
       Cocytus |   4328 |   4328 |      0 |   1300 |   1504 |   7 |  618.3 |
      Tartarus |   8824 |   8824 |      0 |   3181 |   3247 |   7 | 1260.6 |
           Zot |   9478 |   8779 |    699 |   2616 |   4431 |   5 | 1895.6 |
         Abyss |   3668 |   3668 |      0 |     83 |   1549 |   8 |  458.5 |
   Pandemonium |  25958 |  25958 |      0 |   3612 |   9256 |  13 | 1996.8 |
      Ziggurat |   4373 |   4373 |      0 |    228 |   2218 |  23 |  190.1 |
        Bazaar |     72 |     72 |      0 |      0 |      0 |   1 |   72.0 |
       Ossuary |    609 |    609 |      0 |    155 |    219 |   1 |  609.0 |
      Gauntlet |    717 |    717 |      0 |      0 |    203 |   1 |  717.0 |
               +--------+--------+--------+--------+--------+-----+--------+

Top non-repeatable levels by time:
  Tomb:1: 7185 daAuts
Depths:2: 5160 daAuts
   Tar:7: 4784 daAuts
Vaults:5: 4741 daAuts
Vaults:2: 3937 daAuts
  Tomb:2: 3397 daAuts
 Abyss:2: 3126 daAuts
Depths:3: 3075 daAuts
Vaults:4: 2874 daAuts
   Elf:1: 2857 daAuts
Vaults:3: 2797 daAuts
   Dis:7: 2689 daAuts
 Crypt:3: 2679 daAuts
Depths:4: 2542 daAuts
 Crypt:1: 2469 daAuts
